Workbook
Name А1: #REF!
Name А1: #REF!
Name А1: #REF!
Name А1: #REF!
Name А1: #REF!
Name А1: #REF!
Name А1: #REF!
Name Выбор_1.1: 'Показатель 6.2'!$C$5:$C$6
Name Выбор_1.1: 'Показатель 6.3'!$C$5:$C$6
Name Выбор_1.1: 'Показатель 7.1'!$C$5:$C$6
Name Выбор_1.1: 'Показатель 6.1'!$C$5:$C$6
Name Выбор_1.2: #REF!
Name Выбор_1.2: 'Показатель 5.1'!$C$5:$C$6
Name Выбор_1.2: 'Показатель 5.2'!$C$5:$C$6
Name Выбор_1.2: #REF!
Name Выбор_1.3: #REF!
Name Выбор_1.3: #REF!
Name Выбор_1.3: #REF!
Name Выбор_1.3: #REF!
Name Выбор_1.3: #REF!
Name Выбор_1.3: #REF!
Name Выбор_1.3: #REF!
Name Выбор_4.1: #REF!
Name Выбор_4.1: #REF!
Name Выбор_4.1: #REF!
Name Выбор_4.1: #REF!
Name Выбор_4.1: #REF!
Name Выбор_4.1: #REF!
Name Выбор_4.1: #REF!
Name Выбор_4.2: '[1]Показатель 4.2'!$C$5:$C$8
Name Выбор_4.3: '[1]Показатель 4.3'!$C$5:$C$7
Name Выбор_4.4: '[1]Показатель 4.4'!$C$6:$C$8
Name Выбор1.1: #REF!
Name Выбор1.1: #REF!
Name Выбор1.1: #REF!
Name Выбор1.1: #REF!
Name Выбор1.1: #REF!
Name Выбор1.1: #REF!
Name Выбор1.1: #REF!
Name Да_нет: #REF!
Name Да_нет: #REF!
Name Да_нет: #REF!
Name Да_нет: #REF!
Name Да_нет: #REF!
Name Да_нет: #REF!
Name Да_нет: #REF!
Name Коэфициент: [1]Параметры!$C$3:$C$4
Name Формат: Параметры!$C$3:$C$4

Sheet Оценка (Этап I - III)
A1: Оценка муниципальных образований по I - III этапам
A2: Календарный период | B2: 2018 год
A3: Наименование муниципального образования Саратовской обалсти | B3: Итого по I - III этапам | C3: Итого по III этапу | D3: Итого по II этапу | E3: Итого по I этапу
A4: Единица измерения | B4: баллов | C4: баллов | D4: баллов | E4: баллов
A5: Максимальный балл | B5: =SUM(C5:E5) -> 30 | C5: 10 | D5: 10 | E5: 10
A6: Городские округа
A7: ='Оценка (Этап III)'!A7 -> г. Саратов | B7: =SUM(C7:E7) -> 27 | C7: ='Оценка (Этап III)'!B7 -> 9 | D7: 9 | E7: 9
A8: ='Оценка (Этап III)'!A8 -> ЗАТО Михайловское | B8: =SUM(C8:E8) -> 6 | C8: ='Оценка (Этап III)'!B8 -> 3 | D8: 1 | E8: 2
A9: ='Оценка (Этап III)'!A9 -> ЗАТО Светлый | B9: =SUM(C9:E9) -> 16.5 | C9: ='Оценка (Этап III)'!B9 -> 5 | D9: 8.5 | E9: 3
A10: ='Оценка (Этап III)'!A10 -> ЗАТО Шиханы | B10: =SUM(C10:E10) -> 16 | C10: ='Оценка (Этап III)'!B10 -> 4 | D10: 7 | E10: 5
A11: Муниципальные районы
A12: ='Оценка (Этап III)'!A12 -> Александрово-Гайский | B12: =SUM(C12:E12) -> 6 | C12: ='Оценка (Этап III)'!B12 -> 3 | D12: 0 | E12: 3
A13: ='Оценка (Этап III)'!A13 -> Аркадакский | B13: =SUM(C13:E13) -> 13 | C13: ='Оценка (Этап III)'!B13 -> 5 | D13: 2 | E13: 6
A14: ='Оценка (Этап III)'!A14 -> Аткарский | B14: =SUM(C14:E14) -> 22 | C14: ='Оценка (Этап III)'!B14 -> 9 | D14: 9 | E14: 4
A15: ='Оценка (Этап III)'!A15 -> Базарно-Карабулакский | B15: =SUM(C15:E15) -> 21 | C15: ='Оценка (Этап III)'!B15 -> 5.5 | D15: 7.5 | E15: 8
A16: ='Оценка (Этап III)'!A16 -> Балаковский | B16: =SUM(C16:E16) -> 29 | C16: ='Оценка (Этап III)'!B16 -> 9 | D16: 10 | E16: 10
A17: ='Оценка (Этап III)'!A17 -> Балашовский | B17: =SUM(C17:E17) -> 24 | C17: ='Оценка (Этап III)'!B17 -> 10 | D17: 10 | E17: 4
A18: ='Оценка (Этап III)'!A18 -> Балтайский | B18: =SUM(C18:E18) -> 13 | C18: ='Оценка (Этап III)'!B18 -> 2.5 | D18: 4.5 | E18: 6
A19: ='Оценка (Этап III)'!A19 -> Вольский | B19: =SUM(C19:E19) -> 7 | C19: ='Оценка (Этап III)'!B19 -> 2 | D19: 2 | E19: 3
A20: ='Оценка (Этап III)'!A20 -> Воскресенский | B20: =SUM(C20:E20) -> 8.5 | C20: ='Оценка (Этап III)'!B20 -> 4 | D20: 1 | E20: 3.5
A21: ='Оценка (Этап III)'!A21 -> Дергачевский | B21: =SUM(C21:E21) -> 17.5 | C21: ='Оценка (Этап III)'!B21 -> 6 | D21: 6 | E21: 5.5
A22: ='Оценка (Этап III)'!A22 -> Духовницкий | B22: =SUM(C22:E22) -> 15 | C22: ='Оценка (Этап III)'!B22 -> 5 | D22: 5 | E22: 5
A23: ='Оценка (Этап III)'!A23 -> Екатериновский | B23: =SUM(C23:E23) -> 9 | C23: ='Оценка (Этап III)'!B23 -> 4 | D23: 2 | E23: 3
... A49: ='Оценка (Этап III)'!A49 -> Энгельсский | B49: =SUM(C49:E49) -> 16 | C49: ='Оценка (Этап III)'!B49 -> 2 | D49: 9 | E49: 5

Sheet Оценка (Этап III)
A1: Оценка муниципальных образований по III этапу «Исполнение бюджета муниципального образования и финансовый контроль»
A2: Календарный период | B2: 2018 год
A3: Наименование муниципального образования Саратовской обалсти | B3: Итого по III этапу | C3: ='Показатель 5.1'!A1 -> 5.1. Внесение изменений в решение о бюджете муниципального образования на текущий финансовый год (текущий финансовый год и плановый период) на портале (сайте) | D3: ='Показатель 5.2'!A1 -> 5.2. Актуализированная версия решения о бюджете муниципального образования на текущий финансовый год (текущий финансовый год и плановый период) с учетом внесенных изменений на портале (сайте) | E3: ='Показатель 6.1'!A1 -> 6.1. Отчеты об исполнении бюджета муниципального образования за первый квартал, полугодие, девять месяцев текущего финансового года на портале (сайте) | F3: ='Показатель 6.2'!A1 -> 6.2. Ежеквартальные сведения об исполнении бюджета муниципального образования | G3: ='Показатель 6.3'!A1 -> 6.3. Ежеквартальные сведения об объеме муниципального долга муниципального образования | H3: ='Показатель 7.1'!A1 -> 7.1. Информация о проведенных в текущем финансовом году контрольных мероприятиях контрольно-счетным органом муниципального образования на портале (сайте)
A4: Единица измерения | B4: баллов | C4: баллов | D4: баллов | E4: баллов | F4: баллов | G4: баллов | H4: баллов
A5: Максимальный балл | B5: =SUM(C5:H5) -> 10 | C5: ='Методика III этап'!C9 -> 2 | D5: ='Методика III этап'!C13 -> 2 | E5: ='Методика III этап'!C19 -> 1 | F5: ='Методика III этап'!C23 -> 2 | G5: ='Методика III этап'!C28 -> 1 | H5: ='Методика III этап'!C33 -> 2
A6: Городские округа
A7: г. Саратов | B7: =SUM(C7:H7) -> 9 | C7: ='Показатель 5.1'!J8 -> 2 | D7: ='Показатель 5.2'!J9 -> 2 | E7: ='Показатель 6.1'!J8 -> 1 | F7: ='Показатель 6.2'!J9 -> 2 | G7: ='Показатель 6.3'!J8 -> 1 | H7: ='Показатель 7.1'!J9 -> 1
A8: ЗАТО Михайловское | B8: =SUM(C8:H8) -> 3 | C8: ='Показатель 5.1'!J9 -> 2 | D8: ='Показатель 5.2'!J10 -> 1 | E8: ='Показатель 6.1'!J9 -> 0 | F8: ='Показатель 6.2'!J10 -> 0 | G8: ='Показатель 6.3'!J9 -> 0 | H8: ='Показатель 7.1'!J10 -> 0
A9: ЗАТО Светлый | B9: =SUM(C9:H9) -> 5 | C9: ='Показатель 5.1'!J10 -> 1 | D9: ='Показатель 5.2'!J11 -> 1 | E9: ='Показатель 6.1'!J10 -> 0 | F9: ='Показатель 6.2'!J11 -> 0 | G9: ='Показатель 6.3'!J10 -> 1 | H9: ='Показатель 7.1'!J11 -> 2
A10: ЗАТО Шиханы | B10: =SUM(C10:H10) -> 4 | C10: ='Показатель 5.1'!J11 -> 2 | D10: ='Показатель 5.2'!J12 -> 0 | E10: ='Показатель 6.1'!J11 -> 0 | F10: ='Показатель 6.2'!J12 -> 0 | G10: ='Показатель 6.3'!J11 -> 0 | H10: ='Показатель 7.1'!J12 -> 2
A11: Муниципальные районы
A12: Александрово-Гайский | B12: =SUM(C12:H12) -> 3 | C12: ='Показатель 5.1'!J13 -> 2 | D12: ='Показатель 5.2'!J14 -> 0 | E12: ='Показатель 6.1'!J13 -> 0 | F12: ='Показатель 6.2'!J14 -> 0 | G12: ='Показатель 6.3'!J13 -> 1 | H12: ='Показатель 7.1'!J14 -> 0
A13: Аркадакский | B13: =SUM(C13:H13) -> 5 | C13: ='Показатель 5.1'!J14 -> 1 | D13: ='Показатель 5.2'!J15 -> 2 | E13: ='Показатель 6.1'!J14 -> 1 | F13: ='Показатель 6.2'!J15 -> 0 | G13: ='Показатель 6.3'!J14 -> 1 | H13: ='Показатель 7.1'!J15 -> 0
A14: Аткарский | B14: =SUM(C14:H14) -> 9 | C14: ='Показатель 5.1'!J15 -> 2 | D14: ='Показатель 5.2'!J16 -> 2 | E14: ='Показатель 6.1'!J15 -> 1 | F14: ='Показатель 6.2'!J16 -> 2 | G14: ='Показатель 6.3'!J15 -> 1 | H14: ='Показатель 7.1'!J16 -> 1
A15: Базарно-Карабулакский | B15: =SUM(C15:H15) -> 5.5 | C15: ='Показатель 5.1'!J16 -> 2 | D15: ='Показатель 5.2'!J17 -> 2 | E15: ='Показатель 6.1'!J16 -> 1 | F15: ='Показатель 6.2'!J17 -> 0.5 | G15: ='Показатель 6.3'!J16 -> 0 | H15: ='Показатель 7.1'!J17 -> 0
A16: Балаковский | B16: =SUM(C16:H16) -> 9 | C16: ='Показатель 5.1'!J17 -> 2 | D16: ='Показатель 5.2'!J18 -> 2 | E16: ='Показатель 6.1'!J17 -> 1 | F16: ='Показатель 6.2'!J18 -> 2 | G16: ='Показатель 6.3'!J17 -> 1 | H16: ='Показатель 7.1'!J18 -> 1
A17: Балашовский | B17: =SUM(C17:H17) -> 10 | C17: ='Показатель 5.1'!J18 -> 2 | D17: ='Показатель 5.2'!J19 -> 2 | E17: ='Показатель 6.1'!J18 -> 1 | F17: ='Показатель 6.2'!J19 -> 2 | G17: ='Показатель 6.3'!J18 -> 1 | H17: ='Показатель 7.1'!J19 -> 2
A18: Балтайский | B18: =SUM(C18:H18) -> 2.5 | C18: ='Показатель 5.1'!J19 -> 2 | D18: ='Показатель 5.2'!J20 -> 0 | E18: ='Показатель 6.1'!J19 -> 0 | F18: ='Показатель 6.2'!J20 -> 0 | G18: ='Показатель 6.3'!J19 -> 0.5 | H18: ='Показатель 7.1'!J20 -> 0
A19: Вольский | B19: =SUM(C19:H19) -> 2 | C19: ='Показатель 5.1'!J20 -> 2 | D19: ='Показатель 5.2'!J21 -> 0 | E19: ='Показатель 6.1'!J20 -> 0 | F19: ='Показатель 6.2'!J21 -> 0 | G19: ='Показатель 6.3'!J20 -> 0 | H19: ='Показатель 7.1'!J21 -> 0
A20: Воскресенский | B20: =SUM(C20:H20) -> 4 | C20: ='Показатель 5.1'!J21 -> 2 | D20: ='Показатель 5.2'!J22 -> 0 | E20: ='Показатель 6.1'!J21 -> 1 | F20: ='Показатель 6.2'!J22 -> 0 | G20: ='Показатель 6.3'!J21 -> 1 | H20: ='Показатель 7.1'!J22 -> 0
A21: Дергачевский | B21: =SUM(C21:H21) -> 6 | C21: ='Показатель 5.1'!J22 -> 2 | D21: ='Показатель 5.2'!J23 -> 2 | E21: ='Показатель 6.1'!J22 -> 0 | F21: ='Показатель 6.2'!J23 -> 0 | G21: ='Показатель 6.3'!J22 -> 1 | H21: ='Показатель 7.1'!J23 -> 1
A22: Духовницкий | B22: =SUM(C22:H22) -> 5 | C22: ='Показатель 5.1'!J23 -> 2 | D22: ='Показатель 5.2'!J24 -> 1 | E22: ='Показатель 6.1'!J23 -> 0 | F22: ='Показатель 6.2'!J24 -> 0 | G22: ='Показатель 6.3'!J23 -> 1 | H22: ='Показатель 7.1'!J24 -> 1
A23: Екатериновский | B23: =SUM(C23:H23) -> 4 | C23: ='Показатель 5.1'!J24 -> 2 | D23: ='Показатель 5.2'!J25 -> 1 | E23: ='Показатель 6.1'!J24 -> 0 | F23: ='Показатель 6.2'!J25 -> 0 | G23: ='Показатель 6.3'!J24 -> 1 | H23: ='Показатель 7.1'!J25 -> 0
... A49: Энгельсский | B49: =SUM(C49:H49) -> 2 | C49: ='Показатель 5.1'!J50 -> 1 | D49: ='Показатель 5.2'!J51 -> 0 | E49: ='Показатель 6.1'!J50 -> 1 | F49: ='Показатель 6.2'!J51 -> 0 | G49: ='Показатель 6.3'!J50 -> 0 | H49: ='Показатель 7.1'!J51 -> 0

Sheet Методика III этап
A1: III этап. Исполнение бюджета муниципального образования и финансовый контроль
A4: № п/п | B4: Вопросы и варианты ответов | C4: Баллы
A6: 5. | B6: Внесение изменений в решение о бюджете муниципального образования | C6: =C9+C13 -> 4
A7: 5.1 | B7: Опубликование решений о внесении изменений в решение о бюджете муниципального образования на текущий финансовый год (текущий финансовый год и плановый период) на портале (сайте)
B8: В целях оценки показателя учитывается публикация всех решений о внесении изменений в решение о бюджете, принятых на момент проведения мониторинга. В случае, если не опубликовано хотя бы одно решение о внесении изменений в решение о бюджете из числа принятых, оценка показателя принимает значение 0 баллов. Решения о внесении изменений в решение о бюджете должны быть опубликованы не позднее 15 рабочих дней после подписания решения и сохраняться не менее трех лет. При нарушении указанного срока применяется понижающий коэффициент за несоблюдение сроков обеспечения доступа к бюджетным данным.
B9: Опубликованы, или внесение изменений в решение не осуществлялось | C9: 2
B10: Не опубликованы или опубликованы в отдельных случаях | C10: 0
A11: 5.2 | B11: Опубликование актуализированной версии решения о бюджете муниципального образования на текущий финансовый год (на текущий финансовый год и плановый период) с учетом внесенных изменений на портале (сайте)
B12: В целях оценки показателя учитывается публикация актуализированной версии решения о бюджете, с учетом всех принятых на дату проведения мониторинга решений о внесении изменений в бюджет. Учитывается публикация актуализированной версии решения о бюджете со всеми приложениями, публикация отдельных составляющих в целях оценки показателя не учитывается. В случае если внесение изменений в решение о бюджете на текущий год (на текущий год и плановый период) на момент проведения мониторинга не осуществлялось, в целях оценки показателя учитывается публикация принятого решения о бюджете муниципального образования на текущий финансовый год (текущий финансовый год и плановый период). Актуализированная версия решения о бюджете должна быть опубликована в течение одного месяца после подписания решения о внесении изменения в решение о бюджете муниципального образования и сохраняться не менее трех лет. При нарушении указанного срока применяется понижающий коэффициент за несоблюдение сроков обеспечения доступа к бюджетным данным. В случае, если в установленный срок документ не размещен, оценка показателя принимает значение 0 баллов.
B13: Опубликована в структурированном виде, с указанием полных или кратких наименований всех составляющих | C13: 2
B14: Опубликована, но не в структурированном виде и (или) без указания полных или кратких наименований всех составляющих | C14: 1
B15: Не опубликована | C15: 0
A16: 6. | B16: Промежуточная отчетность об исполнении бюджета муниципального образования и аналитические данные | C16: =C19+C23+C28 -> 4
A17: 6.1 | B17: Опубликование отчетов об исполнении бюджета муниципального образования за первый квартал, полугодие, девять месяцев текущего финансового года на портале (сайте)
B18: В целях оценки показателя учитываются официальные документы, принятые администрацией муниципального образования. Иные документы и материалы в целях оценки данного показателя не учитываются. Опубликованные сведения в обязательном порядке должны содержать: а) наименование, номер и дату муниципального правового акта об утверждении отчета; б) должность, фамилию и инициалы лица, подписавшего муниципальный правовой акт об утверждении отчета. Учитывается публикация отчетов со всеми приложениями, публикация отдельных составляющих в целях оценки показателя не учитывается. Графический формат допускается для публикация постановляющей части муниципального правового акта об утверждении отчета и не допускается для публикации приложений к отчету (содержательной части). Отчет об исполнении бюджета муниципального образования за первый квартал, полугодие, девять месяцев текущего года должен быть опубликован в течение трех месяцев после окончания отчетного периода и сохраняться не менее трех лет. При нарушении указанного срока применяется понижающий коэффициент за несоблюдение сроков обеспечения доступа к бюджетным данным.
B19: Опубликованы за все отчетные периоды | C19: 1
B20: Не опубликованы или публикуются нерегулярно, или не отвечают требованиям | C20: 0
A21: 6.2 | B21: Ежеквартальное опубликование сведений об исполнении бюджета муниципального образования в сравнении с запланированными значениями на соответствующий период (финансовый год) и с соответствующим периодом прошлого года на портале (сайте)
B22: В том числе, должна быть представлена следующая информация: 1) исполнение по видам доходов до уровня подгруппы или статьи классификации доходов бюджетов; 2) исполнение по расходам в разрезе разделов и подразделов классификации расходов; 3) исполнение по расходам в разрезе муниципальных программ. Указанные сведения должны быть опубликованы в течение одного месяца после окончания отчетного периода и сохраняться не менее трех лет. При нарушении указанного срока применяется понижающий коэффициент за несоблюдение сроков обеспечения доступа к бюджетным данным.
B23: Опубликованы за все отчетные периоды по всем указанным элементам | C23: 2
B24: Опубликованы за все отчетные периоды по двум ключевым элементам | C24: 1
B25: Не опубликованы или публикуются нерегулярно, или не отвечают требованиям | C25: 0
A26: 6.3 | B26: Ежеквартальное опубликование сведений об объеме муниципального долга муниципального образования на начало и на конец отчетного периода на портале (сайте)
B27: В целях оценки показателя учитывается публикация сведений об объеме муниципального долга муниципального образования на начало и на конец отчетного периода по видам долговых обязательств или по видам заимствований. Указанные сведения должны быть опубликованы в течение одного месяца после окончания отчетного периода и сохраняться не менее трех лет. При нарушении указанного срока применяется понижающий коэффициент за несоблюдение сроков обеспечения доступа к бюджетным данным.
B28: Опубликованы за все отчетные периоды и отвечают всем требованиям | C28: 1
B29: Не опубликованы или публикуются нерегулярно, или не отвечают требованиям | C29: 0
A30: 7. | B30: Финансовый контроль | C30: =C33 -> 2
A31: 7.1 | B31: Опубликование информации о проведенных в текущем финансовом году контрольных мероприятиях контрольно-счетным органом муниципального образования на портале (сайте)
B32: В целях оценки показателя учитываются контрольные мероприятия, предусмотренные планом контрольно-счетного органа муниципального образования в текущем году, срок реализации которых на дату проведения мониторинга завершен. В случае, если план контрольных мероприятий на текущий финансовый год не опубликован до 1 января соответствующего года, оценка показателя принимает значение 0 баллов. Информация о проведенном контрольном мероприятии должна быть опубликована в течение трех месяцев с даты завершения контрольного мероприятия. При нарушении указанного срока применяется понижающий коэффициент за несоблюдение сроков обеспечения доступа к бюджетным данным.
B33: Опубликована по результатам всех контрольных мероприятий, предусмотренных планом на текущий финансовый год, в том числе сведения о принятых объектом контроля решениях и мерах по направленным ему представлениям и предписаниям | C33: 2
B34: Опубликована по результатам всех контрольных мероприятий, предусмотренных планом на текущий финансовый год, за исключением сведений о принятых объектом контроля решениях и мерах по направленным ему представлениям и предписаниям | C34: 1
B35: Не опубликована, или ее публикация носит несистемный характер (публикуются сведения по отдельным контрольным мероприятиям, предусмотренным планом на текущий финансовый год) | C35: 0
B36: Итого баллов на III этапе | C36: =C6+C16+C30 -> 10

Sheet Показатель 5.1
A1: 5.1. Внесение изменений в решение о бюджете муниципального образования на текущий финансовый год (текущий финансовый год и плановый период) на портале (сайте) | L1: Дата контрольной проверки:
A2: Комментарий:
A3: ='Методика III этап'!B8 -> В целях оценки показателя учитывается публикация всех решений о внесении изменений в решение о бюджете, принятых на момент проведения мониторинга. В случае, если не опубликовано хотя бы одно решение о внесении изменений в решение о бюджете из числа принятых, оценка показателя принимает значение 0 баллов. Решения о внесении изменений в решение о бюджете должны быть опубликованы не позднее 15 рабочих дней после подписания решения и сохраняться не менее трех лет. При нарушении указанного срока применяется понижающий коэффициент за несоблюдение сроков обеспечения доступа к бюджетным данным.
A4: № п/п | B4: Наименование муниципального образования Саратовской обалсти | C4: ='Методика III этап'!B7 -> Опубликование решений о внесении изменений в решение о бюджете муниципального образования на текущий финансовый год (текущий финансовый год и плановый период) на портале (сайте) | D4: Формат | E4: Доступность (указать, если возникли трудности с поиском документа, если переход осуществляется более, чем за 5 «кликов» с основной страницы портала (сайта), если название раздела не соответствует содержанию) | F4: Оценка показателя 5.1 | K4: Ссылка на источник данных | L4: Комментарии
B5: Варианты ответов | C5: ='Методика III этап'!B9 -> Опубликованы, или внесение изменений в решение не осуществлялось | D5: Word, Excel, PDF | F5: баллы | G5: понижающие коэффициенты | J5: Итого
C6: ='Методика III этап'!B10 -> Не опубликованы или опубликованы в отдельных случаях | G6: графический формат | H6: затруднен-ный поиск | I6: несоблюде-ние сроков
B7: Городские округа
A8: 1 | B8: г. Саратов | C8: Опубликованы, или внесение изменений в решение не осуществлялось | D8: Word | F8: =IF(C8=$C$5,2,0) -> 2 | J8: =F8*(1-G8)*(1-H8)*(1-I8) -> 2 | K8: http://www.saratovmer.ru/budget/rubrics/1/1281.html
A9: 2 | B9: ЗАТО Михайловское | C9: Опубликованы, или внесение изменений в решение не осуществлялось | D9: Web, Excel | F9: =IF(C9=$C$5,2,0) -> 2 | J9: =F9*(1-H9)*(1-I9) -> 2 | K9: http://mihailovski.ru/administratsiya/finansy/byudzhet/2018-2020-god/
A10: 3 | B10: ЗАТО Светлый | C10: Опубликованы, или внесение изменений в решение не осуществлялось | D10: Web, Word | E10: 6 кликов до каждого документа | F10: =IF(C10=$C$5,2,0) -> 2 | H10: 0.5 | J10: =F10*(1-H10)*(1-I10) -> 1 | K10: http://www.zatosvetly.ru/city/economics_amp_finance/byudzhet-gorodskogo-okruga/byudzhet-gorodskogo-okruga-zato-svetlyy/2018-g/
A11: 4 | B11: ЗАТО Шиханы | C11: Опубликованы, или внесение изменений в решение не осуществлялось | D11: Word | F11: =IF(C11=$C$5,2,0) -> 2 | J11: =F11*(1-H11)*(1-I11) -> 2 | K11: http://zatoshihany.ru/budget/reshenie-o-byudzhete/2018/
B12: Муниципальные районы
A13: 5 | B13: Александрово-Гайский | C13: Опубликованы, или внесение изменений в решение не осуществлялось | D13: Word | F13: =IF(C13=$C$5,2,0) -> 2 | J13: =F13*(1-H13)*(1-I13)*(1-G13) -> 2 | K13: http://algay.sarmo.ru/byudzhet-ekonomika-finansy/resheniya-po-byudzhetu-2018.php | L13: Изменения в решение о бюджете по указанной ссылке публикуются, однако возможность проверки регулярности их размещения в полном объеме отсутствует (актуализированной версии решения о бюджете на сайте нет).
A14: 6 | B14: Аркадакский | C14: Опубликованы, или внесение изменений в решение не осуществлялось | D14: PDF | F14: =IF(C14=$C$5,2,0) -> 2 | G14: 0.5 | J14: =F14*(1-H14)*(1-I14)*(1-G14) -> 1 | K14: http://arkadak.sarmo.ru/byudzhet-munitsipalnogo-rayona/reshenie-o-byudzhete/byudzhet2018-actual.php | L14: Решения о внесении изменений в бюджет МР публикуются без приложений.
A15: 7 | B15: Аткарский | C15: Опубликованы, или внесение изменений в решение не осуществлялось | D15: Word | F15: =IF(C15=$C$5,2,0) -> 2 | J15: =F15*(1-H15)*(1-I15)*(1-G15) -> 2 | K15: http://proatkarsk.ru/CityListArticles.aspx?categoryid=398
A16: 8 | B16: Базарно-Карабулакский | C16: Опубликованы, или внесение изменений в решение не осуществлялось | D16: Word | F16: =IF(C16=$C$5,2,0) -> 2 | J16: =F16*(1-H16)*(1-I16)*(1-G16) -> 2 | K16: http://bkarabulak.sarmo.ru/index.php?option=com_content&view=article&id=3148&Itemid=342
A17: 9 | B17: Балаковский | C17: Опубликованы, или внесение изменений в решение не осуществлялось | D17: Word | F17: =IF(C17=$C$5,2,0) -> 2 | J17: =F17*(1-H17)*(1-I17)*(1-G17) -> 2 | K17: http://balkomfin.ru/
A18: 10 | B18: Балашовский | C18: Опубликованы, или внесение изменений в решение не осуществлялось | D18: Word | F18: =IF(C18=$C$5,2,0) -> 2 | J18: =F18*(1-H18)*(1-I18)*(1-G18) -> 2 | K18: http://www.baladmin.ru/byudzhet-na-2018-god-i-planovyy-period-2019-i-2020-godov.php
A19: 11 | B19: Балтайский | C19: Опубликованы, или внесение изменений в решение не осуществлялось | D19: Word | E19: Решения без названий, сильно затрудняет поиск пользователю. | F19: =IF(C19=$C$5,2,0) -> 2 | J19: =F19*(1-H19)*(1-I19)*(1-G19) -> 2 | K19: http://adm-baltay.ru/finansovoe-upravlenie/resheniya-o-mestnom-byudzhete/ | L19: Изменения в решения о бюджете по указанной ссылке публикуются, однако возможность проверки регулярности их размещения в полном объеме отсутствует (актуализированной версии решения о бюджете на сайте нет).
A20: 12 | B20: Вольский | C20: Опубликованы, или внесение изменений в решение не осуществлялось | D20: Word | F20: =IF(C20=$C$5,2,0) -> 2 | J20: =F20*(1-H20)*(1-I20)*(1-G20) -> 2 | K20: http://volsk-ms.ru/resheniya-vms/resheniya/ | L20: Изменения в решение о бюджете по указанной ссылке публикуются, однако возможность проверки регулярности их размещения в полном объеме отсутствует (актуализированной версии решения о бюджете на сайте нет).
A21: 13 | B21: Воскресенский | C21: Опубликованы, или внесение изменений в решение не осуществлялось | D21: Word | F21: =IF(C21=$C$5,2,0) -> 2 | J21: =F21*(1-H21)*(1-I21)*(1-G21) -> 2 | K21: http://voskresensk64.ru/meeting/mun-sobranie/documents/index.php | L21: Изменения в решение о бюджете по указанной ссылке публикуются, однако возможность проверки регулярности их размещения в полном объеме отсутствует (актуализированной версии решения о бюджете на сайте нет).
A22: 14 | B22: Дергачевский | C22: Опубликованы, или внесение изменений в решение не осуществлялось | D22: Word, Excel | F22: =IF(C22=$C$5,2,0) -> 2 | J22: =F22*(1-H22)*(1-I22)*(1-G22) -> 2 | K22: http://dergachi.sarmo.ru/sobranie-dergachevskogo-munitsipalnogo-rayona/resheniya-sobraniya-dergachevskogo-munitsipalnogo-rayona/
A23: 15 | B23: Духовницкий | C23: Опубликованы, или внесение изменений в решение не осуществлялось | D23: Word | F23: =IF(C23=$C$5,2,0) -> 2 | J23: =F23*(1-H23)*(1-I23)*(1-G23) -> 2 | K23: http://duhovnitskoe.sarmo.ru/predstavitelnyy-organ/npa/mpa-2018/
A24: 16 | B24: Екатериновский | C24: Опубликованы, или внесение изменений в решение не осуществлялось | D24: Word | F24: =IF(C24=$C$5,2,0) -> 2 | J24: =F24*(1-H24)*(1-I24)*(1-G24) -> 2 | K24: http://ekaterinovka.sarmo.ru/rayonnoe-sobranie/2018.php
A25: 17 | B25: Ершовский | C25: Опубликованы, или внесение изменений в решение не осуществлялось | D25: Word | F25: =IF(C25=$C$5,2,0) -> 2 | J25: =F25*(1-H25)*(1-I25)*(1-G25) -> 2 | K25: http://ershov.sarmo.ru/raion-sobr/resheniya/
A26: 18 | B26: Ивантеевский | C26: Опубликованы, или внесение изменений в решение не осуществлялось | D26: Word | F26: =IF(C26=$C$5,2,0) -> 2 | J26: =F26*(1-H26)*(1-I26)*(1-G26) -> 2 | K26: http://ivanteevka.sarmo.ru/byudzhet-dlya-grazhdan/npa/2018/
A27: 19 | B27: Калининский | C27: Опубликованы, или внесение изменений в решение не осуществлялось | D27: Word | F27: =IF(C27=$C$5,2,0) -> 2 | J27: =F27*(1-H27)*(1-I27)*(1-G27) -> 2 | K27: http://kalininsk.sarmo.ru/predstavitelnyy-organ-munitsipalnogo-rayona/dokumenty-normativnye-akty/
A28: 20 | B28: Красноармейский | C28: Опубликованы, или внесение изменений в решение не осуществлялось | D28: Word | F28: =IF(C28=$C$5,2,0) -> 2 | J28: =F28*(1-H28)*(1-I28)*(1-G28) -> 2 | K28: http://krasnoarmeysk.sarmo.ru/krasnoarmeyskiy-rayon/byudzhet/resheniya-o-byudzhete-krasnoarmeyskogo-munitsipalnogo-rayona-s-dopolneniyami-i-izmeneniyami/
A29: 21 | B29: Краснокутский | C29: Опубликованы, или внесение изменений в решение не осуществлялось | D29: Word | F29: =IF(C29=$C$5,2,0) -> 2 | J29: =F29*(1-H29)*(1-I29)*(1-G29) -> 2 | K29: http://krasny-kut.ru/municipal_noe_sobranie/oficial_nye_dokumenty/reshenij_sobraniya_deputatov/
A30: 22 | B30: Краснопартизанский | C30: Опубликованы, или внесение изменений в решение не осуществлялось | D30: Word, Excel | F30: =IF(C30=$C$5,2,0) -> 2 | J30: =F30*(1-H30)*(1-I30)*(1-G30) -> 2 | K30: http://gornyi.sarmo.ru/index.php?option=com_content&view=article&id=3423:2017-11-17-08-30-11&catid=34:%D0%9E%D1%81%D0%BD%D0%BE%D0%B2%D0%BD%D0%B0%D1%8F%20%D0%BA%D0%B0%D1%82%D0%B5%D0%B3%D0%BE%D1%80%D0%B8%D1%8F
A31: 23 | B31: Лысогорский | C31: Опубликованы, или внесение изменений в решение не осуществлялось | D31: Word | F31: =IF(C31=$C$5,2,0) -> 2 | J31: =F31*(1-H31)*(1-I31)*(1-G31) -> 2 | K31: http://adm.lysyegory.ru/base/raion/byudzhet-municipalnogo-raiona/ispolnenie-byudzheta-mr-i-finansovyi-kontrol
A32: 24 | B32: Марксовский | C32: Опубликованы, или внесение изменений в решение не осуществлялось | D32: Word, Excel | F32: =IF(C32=$C$5,2,0) -> 2 | J32: =F32*(1-H32)*(1-I32)*(1-G32) -> 2 | K32: http://marksadm.ru/r-o-b.html
A33: 25 | B33: Новобурасский | C33: Опубликованы, или внесение изменений в решение не осуществлялось | D33: Word | F33: =IF(C33=$C$5,2,0) -> 2 | J33: =F33*(1-H33)*(1-I33)*(1-G33) -> 2 | K33: http://www.nbfin.ru/resheniya_o_byudzhetah/novoburasskogo_municipal_nogo_rajona/ispolnenie_byudzheta/2018_god/
A34: 26 | B34: Новоузенский | C34: Не опубликованы или опубликованы в отдельных случаях | D34: Word | E34: Решения без названий, сильно затрудняет поиск пользователю. | F34: =IF(C34=$C$5,2,0) -> 0 | J34: =F34*(1-H34)*(1-I34)*(1-G34) -> 0 | K34: http://novouzensk.ru/sobranie/sobr/akty/ | L34: Найти по указанной ссылке документы чрезвычайно затруднительно: нет тематической структуры, нет наименований файлов. Чтобы найти нужный документ нужно открывать каждый опубликованный файл.
A35: 27 | B35: Озинский | C35: Опубликованы, или внесение изменений в решение не осуществлялось | D35: Word, Excel | F35: =IF(C35=$C$5,2,0) -> 2 | H35: 0.5 | J35: =F35*(1-H35)*(1-I35)*(1-G35) -> 1 | K35: http://ozinki.sarmo.ru/byudzhet/byudzhet-munitsipalnogo-rayona.php?ELEMENT_ID=1925 | L35: Обратите внимание, допущена ошибка: все ссылки об изменнениях в бюджет за 2018 год называются "О внесении изменений в решение....... от 26.12.2016 г.№31". Наименование ссылки на документ не соответствует наименованию документа (пункт 7 приложения к приказу министерства финансов Саратовской области от 30.06.2016 №202).
A36: 28 | B36: Перелюбский | C36: Опубликованы, или внесение изменений в решение не осуществлялось | D36: Word, Excel | F36: =IF(C36=$C$5,2,0) -> 2 | J36: =F36*(1-H36)*(1-I36)*(1-G36) -> 2 | K36: http://adm-perelyb.ru/byudzhet-rayona/
A37: 29 | B37: Петровский | C37: Опубликованы, или внесение изменений в решение не осуществлялось | D37: Word | F37: =IF(C37=$C$5,2,0) -> 2 | J37: =F37*(1-H37)*(1-I37)*(1-G37) -> 2 | K37: https://petrovsk64.ru/sub-org/fin-upr/otkrytyy-byudzhet/byudzhet/izmeneniya-v-byudzhet/
A38: 30 | B38: Питерский | C38: Опубликованы, или внесение изменений в решение не осуществлялось | D38: Word | F38: =IF(C38=$C$5,2,0) -> 2 | J38: =F38*(1-H38)*(1-I38)*(1-G38) -> 2 | K38: http://piterka.sarmo.ru/byudzhet-piterskogo-mr/mestnyy-byudzhet./2018g.php?clear_cache=Y
A39: 31 | B39: Пугачевский | C39: Опубликованы, или внесение изменений в решение не осуществлялось | D39: Word | F39: =IF(C39=$C$5,2,0) -> 2 | J39: =F39*(1-H39)*(1-I39)*(1-G39) -> 2 | K39: http://pugachev-adm.ru/2018-god-2
A40: 32 | B40: Ровенский | C40: Опубликованы, или внесение изменений в решение не осуществлялось | D40: Word, Excel | F40: =IF(C40=$C$5,2,0) -> 2 | J40: =F40*(1-H40)*(1-I40)*(1-G40) -> 2 | K40: http://rovnoe.sarmo.ru/byudzhet/resheniya-o-byudzhete/2018.php?clear_cache=Y
A41: 33 | B41: Романовский | C41: Опубликованы, или внесение изменений в решение не осуществлялось | D41: Word | F41: =IF(C41=$C$5,2,0) -> 2 | J41: =F41*(1-H41)*(1-I41)*(1-G41) -> 2 | K41: http://romanovka.sarmo.ru/byudzhet-dlya-grazhdan/byudzhet-romanovskogo-munitsipalnogo-rayona/resheniya-byudzheta/
A42: 34 | B42: Ртищевский | C42: Опубликованы, или внесение изменений в решение не осуществлялось | D42: Word | F42: =IF(C42=$C$5,2,0) -> 2 | J42: =F42*(1-H42)*(1-I42)*(1-G42) -> 2 | K42: http://rtishevo.sarmo.ru/finansovyy-organ/rtishchevskiy-munitsipalnyy-rayon/2017-god/resheniya-o-byudzhete-i-vnesenii-izmeneniy-v-byudzhet-munitsipalnogo-rayona/index.php
A43: 35 | B43: Самойловский | C43: Опубликованы, или внесение изменений в решение не осуществлялось | D43: Word | F43: =IF(C43=$C$5,2,0) -> 2 | J43: =F43*(1-H43)*(1-I43)*(1-G43) -> 2 | K43: http://sam64.ru/ekonomika-i-byudzhet/byudzhet/resheniya-o-byudzhete/
A44: 36 | B44: Саратовский | C44: Опубликованы, или внесение изменений в решение не осуществлялось | D44: Word, Excel | F44: =IF(C44=$C$5,2,0) -> 2 | J44: =F44*(1-H44)*(1-I44)*(1-G44) -> 2 | K44: http://saratov.sarmo.ru/index.php?option=com_content&view=article&id=5118&Itemid=549
A45: 37 | B45: Советский | C45: Опубликованы, или внесение изменений в решение не осуществлялось | D45: Word, Excel | F45: =IF(C45=$C$5,2,0) -> 2 | J45: =F45*(1-H45)*(1-I45)*(1-G45) -> 2 | K45: http://stepnoeadm.ru/%D0%B1%D1%8E%D0%B4%D0%B6%D0%B5%D1%82/%D0%BC%D0%B5%D1%81%D1%82%D0%BD%D1%8B%D0%B9-%D0%B1%D1%8E%D0%B4%D0%B6%D0%B5%D1%82/
A46: 38 | B46: Татищевский | C46: Опубликованы, или внесение изменений в решение не осуществлялось | D46: Word | F46: =IF(C46=$C$5,2,0) -> 2 | J46: =F46*(1-H46)*(1-I46)*(1-G46) -> 2 | K46: http://tatishevo.saratov.gov.ru/index.php?option=com_content&view=article&id=2666:2016-02-02-08-52-24&catid=64:2009-12-20-17-44-19&Itemid=91
A47: 39 | B47: Турковский | C47: Опубликованы, или внесение изменений в решение не осуществлялось | D47: Word | F47: =IF(C47=$C$5,2,0) -> 2 | H47: 0.5 | J47: =F47*(1-H47)*(1-I47)*(1-G47) -> 1 | K47: http://turki.sarmo.ru/sobranie-deputatov-turkovskogo-munitsipalnogo-rayona/dokumenty/resheniya-sobraniya-deputatov/2018/ | L47: По представленной ссылке решения о внесении изменений в бюджет не найдены. Необходимая информация размещена в разделе /Собрание депутатов Турковского муниципального района/2018 г . Файлы в архивах с рабочими названиями (например: Проект март 2018 1) Чтобы найти нужный, необходимо открыть каждый документ.
A48: 40 | B48: Федоровский | C48: Опубликованы, или внесение изменений в решение не осуществлялось | D48: Word, Excel | F48: =IF(C48=$C$5,2,0) -> 2 | J48: =F48*(1-H48)*(1-I48)*(1-G48) -> 2 | K48: http://fedormr.ru/byudzhet-2018.php | L48: Слишком много информации на одной странице. Раздел не структурирован.
A49: 41 | B49: Хвалынский | C49: Опубликованы, или внесение изменений в решение не осуществлялось | D49: Word | F49: =IF(C49=$C$5,2,0) -> 2 | J49: =F49*(1-H49)*(1-I49)*(1-G49) -> 2 | K49: http://hvalynsk.sarmo.ru/administratsiya-khvalynskogo-munitsipalnogo-rayona/byudzhet/resheniya
A50: 42 | B50: Энгельсский | C50: Опубликованы, или внесение изменений в решение не осуществлялось | D50: Web | E50: В разделе находятся все решения Собрания депутатов Энгельсского муниципального района, затруднен поиск решений по бюджету. На сайте создан раздел «Местный бюджет. Решения о бюджете», где логичнее публиковать первоначальную редакцию решения, все внесенные изменения и актуализированную версию бюджета. | F50: =IF(C50=$C$5,2,0) -> 2 | G50: 0.5 | J50: =F50*(1-H50)*(1-I50)*(1-G50) -> 1 | K50: http://www.engels-city.ru/pravakts-100037 | L50: Согласно п 7 приложения к приказу министерства финансов Саратовской области от 30.06.2016 № 202 применен коэффициент. Отсутствует возможность скачать решение.

Sheet Показатель 5.2
A1: 5.2. Актуализированная версия решения о бюджете муниципального образования на текущий финансовый год (текущий финансовый год и плановый период) с учетом внесенных изменений на портале (сайте) | L1: Дата контрольной проверки:
A2: Комментарий:
A3: ='Методика III этап'!B12 -> В целях оценки показателя учитывается публикация актуализированной версии решения о бюджете, с учетом всех принятых на дату проведения мониторинга решений о внесении изменений в бюджет. Учитывается публикация актуализированной версии решения о бюджете со всеми приложениями, публикация отдельных составляющих в целях оценки показателя не учитывается. В случае если внесение изменений в решение о бюджете на текущий год (на текущий год и плановый период) на момент проведения мониторинга не осуществлялось, в целях оценки показателя учитывается публикация принятого решения о бюджете муниципального образования на текущий финансовый год (текущий финансовый год и плановый период). Актуализированная версия решения о бюджете должна быть опубликована в течение одного месяца после подписания решения о внесении изменения в решение о бюджете муниципального образования и сохраняться не менее трех лет. При нарушении указанного срока применяется понижающий коэффициент за несоблюдение сроков обеспечения доступа к бюджетным данным. В случае, если в установленный срок документ не размещен, оценка показателя принимает значение 0 баллов.
A4: № п/п | B4: Наименование муниципального образования Саратовской обалсти | C4: ='Методика III этап'!B11 -> Опубликование актуализированной версии решения о бюджете муниципального образования на текущий финансовый год (на текущий финансовый год и плановый период) с учетом внесенных изменений на портале (сайте) | D4: Формат | E4: Доступность (указать, если возникли трудности с поиском документа, если переход осуществляется более, чем за 5 «кликов» с основной страницы портала (сайта), если название раздела не соответствует содержанию) | F4: Оценка показателя 5.2 | K4: Ссылка на источник данных | L4: Комментарии
B5: Варианты ответов | C5: ='Методика III этап'!B13 -> Опубликована в структурированном виде, с указанием полных или кратких наименований всех составляющих | D5: Word, Excel, PDF | F5: баллы | G5: понижающие коэффициенты | J5: Итого
C6: ='Методика III этап'!B14 -> Опубликована, но не в структурированном виде и (или) без указания полных или кратких наименований всех составляющих | G6: графический формат | H6: затруднен-ный поиск | I6: несоблюде-ние сроков
C7: ='Методика III этап'!B15 -> Не опубликована
B8: Городские округа
A9: 1 | B9: г. Саратов | C9: Опубликована в структурированном виде, с указанием полных или кратких наименований всех составляющих | D9: Word | F9: =IF(C9=$C$5,2,IF(C9=$C$6,1,0)) -> 2 | J9: =F9*(1-G9)*(1-H9)*(1-I9) -> 2 | K9: http://www.saratovmer.ru/budget/rubrics/1/1281.html
A10: 2 | B10: ЗАТО Михайловское | C10: Опубликована, но не в структурированном виде и (или) без указания полных или кратких наименований всех составляющих | D10: Web, Excel | F10: =IF(C10=$C$5,2,IF(C10=$C$6,1,0)) -> 1 | J10: =F10*(1-H10)*(1-I10) -> 1 | K10: http://mihailovski.ru/administratsiya/finansy/byudzhet/2018-2020-god/aktualizirovannaya-versiya-resheniya-o-byudzhete-z3378/
A11: 3 | B11: ЗАТО Светлый | C11: Опубликована в структурированном виде, с указанием полных или кратких наименований всех составляющих | D11: Web, Word | E11: 6 кликов до документа | F11: =IF(C11=$C$5,2,IF(C11=$C$6,1,0)) -> 2 | H11: 0.5 | J11: =F11*(1-H11)*(1-I11) -> 1 | K11: http://www.zatosvetly.ru/city/economics_amp_finance/byudzhet-gorodskogo-okruga/byudzhet-gorodskogo-okruga-zato-svetlyy/2018-g/index.php?ELEMENT_ID=10705
A12: 4 | B12: ЗАТО Шиханы | C12: Не опубликована | F12: =IF(C12=$C$5,2,IF(C12=$C$6,1,0)) -> 0 | J12: =F12*(1-H12)*(1-I12) -> 0 | K12: http://zatoshihany.ru/budget/reshenie-o-byudzhete/2018/ | L12: По сылке размещены решения о внесении изменений в первоначальное решение. Пункт 5.2 предусматривает опубликование актуализированной версии, т.е. первоначальное решение с учетом всех изменений.
B13: Муниципальные районы
A14: 5 | B14: Александрово-Гайский | C14: Не опубликована | F14: =IF(C14=$C$5,2,IF(C14=$C$6,1,0)) -> 0 | J14: =F14*(1-H14)*(1-I14)*(1-G14) -> 0 | K14: http://algay.sarmo.ru/byudzhet-ekonomika-finansy/resheniya-po-byudzhetu-2018.php | L14: Актуализированная версия решения о бюджете муниципального образования на текущий финансовый год по предоставленной ссылке и на сайте не найдена.
A15: 6 | B15: Аркадакский | C15: Опубликована в структурированном виде, с указанием полных или кратких наименований всех составляющих | D15: Word | F15: =IF(C15=$C$5,2,IF(C15=$C$6,1,0)) -> 2 | J15: =F15*(1-H15)*(1-I15)*(1-G15) -> 2 | K15: http://arkadak.sarmo.ru/index.php?option=com_content&view=article&id=971&Itemid=329
A16: 7 | B16: Аткарский | C16: Опубликована в структурированном виде, с указанием полных или кратких наименований всех составляющих | D16: Word, Excel | F16: =IF(C16=$C$5,2,IF(C16=$C$6,1,0)) -> 2 | J16: =F16*(1-H16)*(1-I16)*(1-G16) -> 2 | K16: http://proatkarsk.ru/CityListArticles.aspx?categoryid=389
A17: 8 | B17: Базарно-Карабулакский | C17: Опубликована в структурированном виде, с указанием полных или кратких наименований всех составляющих | D17: Web, Word | F17: =IF(C17=$C$5,2,IF(C17=$C$6,1,0)) -> 2 | J17: =F17*(1-H17)*(1-I17)*(1-G17) -> 2 | K17: http://bkarabulak.sarmo.ru/index.php?option=com_content&view=article&id=3148&Itemid=342
A18: 9 | B18: Балаковский | C18: Опубликована в структурированном виде, с указанием полных или кратких наименований всех составляющих | D18: Word | F18: =IF(C18=$C$5,2,IF(C18=$C$6,1,0)) -> 2 | J18: =F18*(1-H18)*(1-I18)*(1-G18) -> 2 | K18: http://balkomfin.ru/
A19: 10 | B19: Балашовский | C19: Опубликована в структурированном виде, с указанием полных или кратких наименований всех составляющих | D19: Word | F19: =IF(C19=$C$5,2,IF(C19=$C$6,1,0)) -> 2 | J19: =F19*(1-H19)*(1-I19)*(1-G19) -> 2 | K19: http://www.baladmin.ru/byudzhet-na-2018-god-i-planovyy-period-2019-i-2020-godov.php
A20: 11 | B20: Балтайский | C20: Не опубликована | F20: =IF(C20=$C$5,2,IF(C20=$C$6,1,0)) -> 0 | J20: =F20*(1-H20)*(1-I20)*(1-G20) -> 0 | K20: http://adm-baltay.ru/finansovoe-upravlenie/resheniya-o-mestnom-byudzhete/ | L20: По ссылке опубликованы решения о внесении изменений в решение о бюджете. Необходимо опубликовать первоначальное решение с учетом каждого изменения и с указанием реквизитов изменяющих документов.
A21: 12 | B21: Вольский | C21: Не опубликована | F21: =IF(C21=$C$5,2,IF(C21=$C$6,1,0)) -> 0 | J21: =F21*(1-H21)*(1-I21)*(1-G21) -> 0 | K21: http://volsk-ms.ru/resheniya-vms/resheniya/ | L21: Актуализированная версия решения о бюджете муниципального образования на текущий финансовый год по предоставленной ссылке и на сайте не найдена.
A22: 13 | B22: Воскресенский | C22: Не опубликована | F22: =IF(C22=$C$5,2,IF(C22=$C$6,1,0)) -> 0 | J22: =F22*(1-H22)*(1-I22)*(1-G22) -> 0 | L22: На сайте информация не опубликована.
A23: 14 | B23: Дергачевский | C23: Опубликована в структурированном виде, с указанием полных или кратких наименований всех составляющих | D23: Word, Excel | F23: =IF(C23=$C$5,2,IF(C23=$C$6,1,0)) -> 2 | J23: =F23*(1-H23)*(1-I23)*(1-G23) -> 2 | K23: http://dergachi.sarmo.ru/sobranie-dergachevskogo-munitsipalnogo-rayona/resheniya-o-byudzhete-s-izmeneniyami/
A24: 15 | B24: Духовницкий | C24: Опубликована, но не в структурированном виде и (или) без указания полных или кратких наименований всех составляющих | F24: =IF(C24=$C$5,2,IF(C24=$C$6,1,0)) -> 1 | J24: =F24*(1-H24)*(1-I24)*(1-G24) -> 1 | K24: http://duhovnitskoe.sarmo.ru/ispolnenie-byudzheta/byudzhet-2018/
A25: 16 | B25: Екатериновский | C25: Опубликована, но не в структурированном виде и (или) без указания полных или кратких наименований всех составляющих | D25: Word | F25: =IF(C25=$C$5,2,IF(C25=$C$6,1,0)) -> 1 | J25: =F25*(1-H25)*(1-I25)*(1-G25) -> 1 | K25: http://ekaterinovka.sarmo.ru/finansovoe-upravlenie-administratsii/ | L25: Приложения - без названий.
A26: 17 | B26: Ершовский | C26: Опубликована в структурированном виде, с указанием полных или кратких наименований всех составляющих | D26: Word | F26: =IF(C26=$C$5,2,IF(C26=$C$6,1,0)) -> 2 | J26: =F26*(1-H26)*(1-I26)*(1-G26) -> 2 | K26: http://ershov.sarmo.ru/byudzhet-i-finansy/byudzhet/aktualizirovannaya-versiya-byudzheta-emr-2018-g/
A27: 18 | B27: Ивантеевский | C27: Опубликована, но не в структурированном виде и (или) без указания полных или кратких наименований всех составляющих | D27: Word | F27: =IF(C27=$C$5,2,IF(C27=$C$6,1,0)) -> 1 | J27: =F27*(1-H27)*(1-I27)*(1-G27) -> 1 | K27: http://ivanteevka.sarmo.ru/byudzhet-dlya-grazhdan/npa/2018/ | L27: Приложения- без названий
A28: 19 | B28: Калининский | C28: Опубликована, но не в структурированном виде и (или) без указания полных или кратких наименований всех составляющих | D28: Word | F28: =IF(C28=$C$5,2,IF(C28=$C$6,1,0)) -> 1 | J28: =F28*(1-H28)*(1-I28)*(1-G28) -> 1 | K28: http://kalininsk.sarmo.ru/byudzhet/byudzhet-munitsipalnogo-rayona/
A29: 20 | B29: Красноармейский | C29: Опубликована, но не в структурированном виде и (или) без указания полных или кратких наименований всех составляющих | D29: Word | F29: =IF(C29=$C$5,2,IF(C29=$C$6,1,0)) -> 1 | J29: =F29*(1-H29)*(1-I29)*(1-G29) -> 1 | K29: https://krasnoarmeysk64.ru/krasnoarmeyskiy-rayon/byudzhet/resheniya-o-byudzhete-krasnoarmeyskogo-munitsipalnogo-rayona-s-dopolneniyami-i-izmeneniyami/resheniya-2018-goda.php | L29: Приложения - без названий.
A30: 21 | B30: Краснокутский | C30: Не опубликована | F30: =IF(C30=$C$5,2,IF(C30=$C$6,1,0)) -> 0 | J30: =F30*(1-H30)*(1-I30)*(1-G30) -> 0 | K30: http://krasny-kut.ru/municipal_noe_sobranie/oficial_nye_dokumenty/resheniya_sobraniya_deputatov/ | L30: По указанной ссылке указаны решения о внесении зименений. Последняя актуализированная версия с учетом всех изменений и указанием реквизитов изменяющих документов не представлена.
A31: 22 | B31: Краснопартизанский | C31: Опубликована в структурированном виде, с указанием полных или кратких наименований всех составляющих | D31: Word, Excel | F31: =IF(C31=$C$5,2,IF(C31=$C$6,1,0)) -> 2 | J31: =F31*(1-H31)*(1-I31)*(1-G31) -> 2 | K31: http://gornyi.sarmo.ru/index.php?option=com_content&view=article&id=3423:2017-11-17-08-30-11&catid=34:%D0%9E%D1%81%D0%BD%D0%BE%D0%B2%D0%BD%D0%B0%D1%8F%20%D0%BA%D0%B0%D1%82%D0%B5%D0%B3%D0%BE%D1%80%D0%B8%D1%8F
A32: 23 | B32: Лысогорский | C32: Опубликована, но не в структурированном виде и (или) без указания полных или кратких наименований всех составляющих | D32: Word | F32: =IF(C32=$C$5,2,IF(C32=$C$6,1,0)) -> 1 | J32: =F32*(1-H32)*(1-I32)*(1-G32) -> 1 | K32: http://adm.lysyegory.ru/base/4654-aktualizirovannaja-versija-reshenija-o-byudzhete-lysogorskogo-municipalnogo-raiona-na-2018-god-.html
A33: 24 | B33: Марксовский | C33: Опубликована в структурированном виде, с указанием полных или кратких наименований всех составляющих | D33: Web, Word, Excel | F33: =IF(C33=$C$5,2,IF(C33=$C$6,1,0)) -> 2 | J33: =F33*(1-H33)*(1-I33)*(1-G33) -> 2 | K33: http://marksadm.ru/r-o-b.html
A34: 25 | B34: Новобурасский | C34: Опубликована в структурированном виде, с указанием полных или кратких наименований всех составляющих | D34: Web, Word, Excel | F34: =IF(C34=$C$5,2,IF(C34=$C$6,1,0)) -> 2 | J34: =F34*(1-H34)*(1-I34)*(1-G34) -> 2 | K34: http://www.nbfin.ru/resheniya_o_byudzhetah/novoburasskogo_municipal_nogo_rajona/aktualizirovannoe_reshenie_o_byudzhete/2018_god/
A35: 26 | B35: Новоузенский | C35: Не опубликована | F35: =IF(C35=$C$5,2,IF(C35=$C$6,1,0)) -> 0 | J35: =F35*(1-H35)*(1-I35)*(1-G35) -> 0 | K35: http://novouzensk.ru/sobranie/sobr/akty/?ELEMENT_ID=7541 | L35: Актуализированная версия решения о бюджете муниципального образования на текущий финансовый год по предоставленной ссылке и на сайте не найдена.
A36: 27 | B36: Озинский | C36: Опубликована в структурированном виде, с указанием полных или кратких наименований всех составляющих | D36: Word | F36: =IF(C36=$C$5,2,IF(C36=$C$6,1,0)) -> 2 | J36: =F36*(1-H36)*(1-I36)*(1-G36) -> 2 | K36: http://ozinki.sarmo.ru/byudzhet/byudzhet-munitsipalnogo-rayona.php?ELEMENT_ID=1925
A37: 28 | B37: Перелюбский | C37: Не опубликована | D37: Word, Excel | F37: =IF(C37=$C$5,2,IF(C37=$C$6,1,0)) -> 0 | J37: =F37*(1-H37)*(1-I37)*(1-G37) -> 0 | K37: http://adm-perelyb.ru/byudzhet-rayona/ | L37: По данной ссылке опубликованы решения о внесении изменений в бюджет МР.
A38: 29 | B38: Петровский | C38: Опубликована в структурированном виде, с указанием полных или кратких наименований всех составляющих | D38: Web, Word | F38: =IF(C38=$C$5,2,IF(C38=$C$6,1,0)) -> 2 | J38: =F38*(1-H38)*(1-I38)*(1-G38) -> 2 | K38: https://petrovsk64.ru/sub-org/fin-upr/otkrytyy-byudzhet/byudzhet/aktualnaya-versiya-byudzheta/2018/
A39: 30 | B39: Питерский | C39: Опубликована в структурированном виде, с указанием полных или кратких наименований всех составляющих | D39: Word | F39: =IF(C39=$C$5,2,IF(C39=$C$6,1,0)) -> 2 | J39: =F39*(1-H39)*(1-I39)*(1-G39) -> 2 | K39: http://piterka.sarmo.ru/byudzhet-piterskogo-mr/mestnyy-byudzhet./2018g.php?clear_cache=Y
A40: 31 | B40: Пугачевский | C40: Опубликована, но не в структурированном виде и (или) без указания полных или кратких наименований всех составляющих | F40: =IF(C40=$C$5,2,IF(C40=$C$6,1,0)) -> 1 | J40: =F40*(1-H40)*(1-I40)*(1-G40) -> 1 | K40: http://pugachev-adm.ru/wp-content/uploads/2015/03/Reshenie-o-byudzhete-na-2018-god-i-na-planovyiy-period-2019-i-2020-godov-aktualizirovannaya-versiya-na-01.10.2018g..doc http://pugachev-adm.ru/byudzhet-rayona
A41: 32 | B41: Ровенский | C41: Опубликована в структурированном виде, с указанием полных или кратких наименований всех составляющих | D41: Word, Excel | F41: =IF(C41=$C$5,2,IF(C41=$C$6,1,0)) -> 2 | J41: =F41*(1-H41)*(1-I41)*(1-G41) -> 2 | K41: http://rovnoe.sarmo.ru/byudzhet/resheniya-o-byudzhete/2018.php?clear_cache=Y
A42: 33 | B42: Романовский | C42: Опубликована в структурированном виде, с указанием полных или кратких наименований всех составляющих | D42: Word | F42: =IF(C42=$C$5,2,IF(C42=$C$6,1,0)) -> 2 | J42: =F42*(1-H42)*(1-I42)*(1-G42) -> 2 | K42: http://romanovka.sarmo.ru/byudzhet-dlya-grazhdan/byudzhet-romanovskogo-munitsipalnogo-rayona/resheniya-byudzheta/
A43: 34 | B43: Ртищевский | C43: Опубликована в структурированном виде, с указанием полных или кратких наименований всех составляющих | D43: Web, Word, Excel | F43: =IF(C43=$C$5,2,IF(C43=$C$6,1,0)) -> 2 | J43: =F43*(1-H43)*(1-I43)*(1-G43) -> 2 | K43: http://rtishevo.sarmo.ru/finansovyy-organ/rtishchevskiy-munitsipalnyy-rayon/2017-god/resheniya-o-byudzhete-i-vnesenii-izmeneniy-v-byudzhet-munitsipalnogo-rayona/index.php
A44: 35 | B44: Самойловский | C44: Не опубликована | F44: =IF(C44=$C$5,2,IF(C44=$C$6,1,0)) -> 0 | J44: =F44*(1-H44)*(1-I44)*(1-G44) -> 0 | K44: http://sam64.ru/ekonomika-i-byudzhet/byudzhet/resheniya-o-byudzhete/ | L44: На сайте не опубликовано решение о бюджете на 2018 год с учетом всех изменений. По ссылке размещены решения о внесении изменений в бюджет.
A45: 36 | B45: Саратовский | C45: Опубликована в структурированном виде, с указанием полных или кратких наименований всех составляющих | D45: Web, Word, Excel | F45: =IF(C45=$C$5,2,IF(C45=$C$6,1,0)) -> 2 | J45: =F45*(1-H45)*(1-I45)*(1-G45) -> 2 | K45: http://saratov.sarmo.ru/index.php?option=com_content&view=article&id=6826&Itemid=553 | L45: Не предусмотрена возможность скачать постановляющую часть решения, только приложения.
A46: 37 | B46: Советский | C46: Не опубликована | D46: Word | F46: =IF(C46=$C$5,2,IF(C46=$C$6,1,0)) -> 0 | J46: =F46*(1-H46)*(1-I46)*(1-G46) -> 0 | K46: http://stepnoeadm.ru/%D0%B1%D1%8E%D0%B4%D0%B6%D0%B5%D1%82/%D0%BC%D0%B5%D1%81%D1%82%D0%BD%D1%8B%D0%B9-%D0%B1%D1%8E%D0%B4%D0%B6%D0%B5%D1%82/ | L46: Приложения 1,5,6,7,11,13 не открываются.
A47: 38 | B47: Татищевский | C47: Не опубликована | F47: =IF(C47=$C$5,2,IF(C47=$C$6,1,0)) -> 0 | J47: =F47*(1-H47)*(1-I47)*(1-G47) -> 0 | K47: http://tatishevo.saratov.gov.ru/index.php?option=com_content&view=article&id=2666:2016-02-02-08-52-24&catid=64:2009-12-20-17-44-19&Itemid=91 | L47: Актуализированная версия решения о бюджете муниципального образования опубликована без учета последних изменений (решение №25/152 от 03.09.2018)
A48: 39 | B48: Турковский | C48: Не опубликована | F48: =IF(C48=$C$5,2,IF(C48=$C$6,1,0)) -> 0 | J48: =F48*(1-H48)*(1-I48)*(1-G48) -> 0 | L48: Актуализированная версия решения о бюджете муниципального образования на сайте не найдена.
A49: 40 | B49: Федоровский | C49: Опубликована в структурированном виде, с указанием полных или кратких наименований всех составляющих | D49: Word, Excel | F49: =IF(C49=$C$5,2,IF(C49=$C$6,1,0)) -> 2 | J49: =F49*(1-H49)*(1-I49)*(1-G49) -> 2 | K49: http://fedormr.ru/byudzhet-2018.php | L49: Слишком много информации на одной страниц! Раздел не структурирован.
A50: 41 | B50: Хвалынский | C50: Не опубликована | F50: =IF(C50=$C$5,2,IF(C50=$C$6,1,0)) -> 0 | J50: =F50*(1-H50)*(1-I50)*(1-G50) -> 0 | K50: http://hvalynsk.sarmo.ru/administratsiya-khvalynskogo-munitsipalnogo-rayona/byudzhet/resheniya | L50: Актуализированная версия решения о бюджете муниципального образования на сайте не найдена. По ссылке размещено решение о внесении изменений. В вашем случае чтобы ознакомиться с последней версией решения о бюджете пользователю необходимо найти первоначальный вариант и самому внести все изменения за год. Это необходимо делать вам после каждого внесения изменений.
A51: 42 | B51: Энгельсский | C51: Не опубликована | F51: =IF(C51=$C$5,2,IF(C51=$C$6,1,0)) -> 0 | J51: =F51*(1-H51)*(1-I51)*(1-G51) -> 0 | K51: http://www.engels-city.ru/pravakts-100037 | L51: Последняя актуализированная версия с учетом всех изменений не публикуется. По ссылке размещено решение о внесении изменений в бюджет. Актуализированная версия это первоначальный документ с учетом всех изменений с начала года и с указанием реквизитов всех изменяющих документов

Sheet Показатель 6.1
A1: 6.1. Отчеты об исполнении бюджета муниципального образования за первый квартал, полугодие, девять месяцев текущего финансового года на портале (сайте) | L1: Дата контрольной проверки:
A2: Комментарий:
A3: В целях оценки показателя учитываются официальные документы, принятые администрацией муниципального образования. Иные документы и материалы в целях оценки данного показателя не учитываются. Опубликованные сведения в обязательном порядке должны содержать: а) наименование, номер и дату муниципального правового акта об утверждении отчета; б) должность, фамилию и инициалы лица, подписавшего муниципальный правовой акт об утверждении отчета. Учитывается публикация отчетов со всеми приложениями, публикация отдельных составляющих в целях оценки показателя не учитывается. Графический формат допускается для публикация постановляющей части муниципального правового акта об утверждении отчета и не допускается для публикации приложений к отчету (содержательной части). Отчет об исполнении бюджета муниципального образования за первый квартал, полугодие, девять месяцев текущего года должен быть опубликован в течение трех месяцев после окончания отчетного периода и сохраняться не менее трех лет. При нарушении указанного срока применяется понижающий коэффициент за несоблюдение сроков обеспечения доступа к бюджетным данным.
A4: № п/п | B4: Вопрос | C4: ='Методика III этап'!B17 -> Опубликование отчетов об исполнении бюджета муниципального образования за первый квартал, полугодие, девять месяцев текущего финансового года на портале (сайте) | D4: Формат | E4: Доступность (указать, если возникли трудности с поиском документа, если переход осуществляется более, чем за 5 «кликов» с основной страницы портала (сайта), если название раздела не соответствует содержанию) | F4: Оценка показателя 6.1 | K4: Ссылка на источник данных | L4: Комментарии
B5: Варианты ответов | C5: ='Методика III этап'!B19 -> Опубликованы за все отчетные периоды | D5: Word, Excel, PDF | F5: баллы | G5: понижающие коэффициенты | J5: Итого
C6: ='Методика III этап'!B20 -> Не опубликованы или публикуются нерегулярно, или не отвечают требованиям | G6: графический формат | H6: затруднен-ный поиск | I6: несоблюде-ние сроков
B7: Городские округа
A8: 1 | B8: г. Саратов | C8: Опубликованы за все отчетные периоды | D8: PDF, Excel | F8: =IF(C8=$C$5,1,0) -> 1 | J8: =F8*(1-G8)*(1-H8)*(1-I8) -> 1 | K8: http://www.saratovmer.ru/budget/rubrics/2/1285.html
A9: 2 | B9: ЗАТО Михайловское | C9: Не опубликованы или публикуются нерегулярно, или не отвечают требованиям | F9: =IF(C9=$C$5,1,0) -> 0 | J9: =F9*(1-G9)*(1-H9)*(1-I9) -> 0 | K9: http://mihailovski.ru/administratsiya/finansy/svedeniya-ob-ispolzovanii-byudzhetnykh-sredstv/utverzhdenie-otcheta-ob-ispolnenii-byudzheta-zato-/ | L9: Не соблюден формат размещения постановляющей части документа (либо PDF, либо JPG, с подписью должностного лица и печатью). Раздел не структурирован.
A10: 3 | B10: ЗАТО Светлый | C10: Не опубликованы или публикуются нерегулярно, или не отвечают требованиям | D10: Web ,Word | F10: =IF(C10=$C$5,1,0) -> 0 | J10: =F10*(1-G10)*(1-H10)*(1-I10) -> 0 | K10: http://www.zatosvetly.ru/city/economics_amp_finance/byudzhet-gorodskogo-okruga/informatsiya-ob-ispolnenii-byudzheta-gorodskogo-okruga-zato-svetlyy/2018/ | L10: Размещено решение об опубликовании очета. Необходимо публиковать решения об утверждении отчетов на все отчетные даты, соблюдая требования к форматам: постановляющая часть - PDF, JPG приложения - Word, Exel
A11: 4 | B11: ЗАТО Шиханы | C11: Не опубликованы или публикуются нерегулярно, или не отвечают требованиям | D11: Word, Excel | F11: =IF(C11=$C$5,1,0) -> 0 | J11: =F11*(1-G11)*(1-H11)*(1-I11) -> 0 | K11: http://zatoshihany.ru/budget/ispolnenie-byudzheta/2018/Otchet-ob-ispolnenii-bjudzheta/ | L11: Не соблюден формат размещения постановляющей части документа (либо PDF, либо JPG, с подписью должностного лица и печатью). Раздел не структурирован.
B12: Муниципальные районы
A13: 5 | B13: Александрово-Гайский | C13: Не опубликованы или публикуются нерегулярно, или не отвечают требованиям | D13: Word | F13: =IF(C13=$C$5,1,0) -> 0 | J13: =F13*(1-G13)*(1-H13)*(1-I13) -> 0 | K13: http://algay.sarmo.ru/byudzhet-ekonomika-finansy/ispolnenie-byudzheta.php | L13: Не соблюден формат размещения постановляющей части документа (либо PDF, либо JPG, с подписью должностного лица и печатью).
A14: 6 | B14: Аркадакский | C14: Опубликованы за все отчетные периоды | D14: PDF,Word | F14: =IF(C14=$C$5,1,0) -> 1 | J14: =F14*(1-G14)*(1-H14)*(1-I14) -> 1 | K14: http://arkadak.sarmo.ru/byudzhet-munitsipalnogo-rayona/ispolnenie-dokhodnoy-chasti-byudzheta.php
A15: 7 | B15: Аткарский | C15: Опубликованы за все отчетные периоды | D15: Word,Jpg | F15: =IF(C15=$C$5,1,0) -> 1 | J15: =F15*(1-G15)*(1-H15)*(1-I15) -> 1 | K15: http://proatkarsk.ru/CityListArticles.aspx?categoryid=403
A16: 8 | B16: Базарно-Карабулакский | C16: Опубликованы за все отчетные периоды | D16: PDF,Exel | F16: =IF(C16=$C$5,1,0) -> 1 | J16: =F16*(1-G16)*(1-H16)*(1-I16) -> 1 | K16: http://bkarabulak.sarmo.ru/index.php?option=com_content&view=article&id=8367&Itemid=312
A17: 9 | B17: Балаковский | C17: Опубликованы за все отчетные периоды | D17: PDF, Word, Excel | F17: =IF(C17=$C$5,1,0) -> 1 | J17: =F17*(1-G17)*(1-H17)*(1-I17) -> 1 | K17: http://balkomfin.ru/ | L17: Раздел не структурирован по годам.
A18: 10 | B18: Балашовский | C18: Опубликованы за все отчетные периоды | D18: Jpg, Word, Excel | F18: =IF(C18=$C$5,1,0) -> 1 | J18: =F18*(1-G18)*(1-H18)*(1-I18) -> 1 | K18: http://baladmin.ru/administration/divisions-structure/finance/ezhekvartalnye-svedeniya-ob-ispolnenii-byudzheta2018.php | L18: Ссылка дана на сведения об исполнении бюджета на отчетные даты 2018 г. В соответствии с требованиями пункта необходимо опубликовать решения об утверждении отчета на все отчетные даты с приложениями, соблюдая требования к формату: постановляющая часть -PDF,JPG приложения- Word, Exel
A19: 11 | B19: Балтайский | C19: Не опубликованы или публикуются нерегулярно, или не отвечают требованиям | D19: Web | F19: =IF(C19=$C$5,1,0) -> 0 | J19: =F19*(1-G19)*(1-H19)*(1-I19) -> 0 | K19: http://adm-baltay.ru/finansovoe-upravlenie/ispolnenie-mestnogo-byudzheta/ | L19: Требованиями данного пункта предусмотрено размещение на сайте решения об утверждении отчета об исполнении бюджета со всеми приложениями.
A20: 12 | B20: Вольский | C20: Не опубликованы или публикуются нерегулярно, или не отвечают требованиям | F20: =IF(C20=$C$5,1,0) -> 0 | J20: =F20*(1-G20)*(1-H20)*(1-I20) -> 0 | K20: http://вольск.рф/?page_id=27231 | L20: По представленной ссылке размещены отчеты об исполнении бюджета за 2016-2017 гг
A21: 13 | B21: Воскресенский | C21: Опубликованы за все отчетные периоды | D21: PDF, Excel | F21: =IF(C21=$C$5,1,0) -> 1 | J21: =F21*(1-G21)*(1-H21)*(1-I21) -> 1 | K21: http://voskresensk64.ru/administration/statistics/butget/ | L21: Раздел не структурирован
A22: 14 | B22: Дергачевский | C22: Не опубликованы или публикуются нерегулярно, или не отвечают требованиям | D22: PDF,Word | F22: =IF(C22=$C$5,1,0) -> 0 | J22: =F22*(1-G22)*(1-H22)*(1-I22) -> 0 | K22: http://dergachi.sarmo.ru/administratsiya/otchety/svedeniya-ob-ispolnenii-byudzheta-dmr/ | L22: На момент проведения мониторинга не опубликовано решение об утверждении отчета об исполнении бюджета за I полугодие 2018 г
A23: 15 | B23: Духовницкий | C23: Не опубликованы или публикуются нерегулярно, или не отвечают требованиям | D23: Word | F23: =IF(C23=$C$5,1,0) -> 0 | J23: =F23*(1-G23)*(1-H23)*(1-I23) -> 0 | K23: http://duhovnitskoe.sarmo.ru/ispolnenie-byudzheta/byudzhet-2018/ | L23: Не соблюден формат размещения постановляющей части документа (либо PDF, либо JPG, с подписью должностного лица и печатью).
A24: 16 | B24: Екатериновский | C24: Не опубликованы или публикуются нерегулярно, или не отвечают требованиям | D24: Word | F24: =IF(C24=$C$5,1,0) -> 0 | J24: =F24*(1-G24)*(1-H24)*(1-I24) -> 0 | K24: http://ekaterinovka.sarmo.ru/finansovoe-upravlenie-administratsii/ | L24: По представленной ссылке размещен отчет об исполнении бюджета МО за 9 месяцев 2018 г . За 1 квартал и полугодие 2018 г иформация не опубликована.
A25: 17 | B25: Ершовский | C25: Не опубликованы или публикуются нерегулярно, или не отвечают требованиям | D25: Word, Excel | F25: =IF(C25=$C$5,1,0) -> 0 | J25: =F25*(1-G25)*(1-H25)*(1-I25) -> 0 | K25: http://ershov.sarmo.ru/byudzhet-i-finansy/svedeniya-ob-ispolnenii-byudzheta/ | L25: Не соблюден формат размещения постановляющей части документа (либо PDF, либо JPG, с подписью должностного лица и печатью). Раздел не структурирован.
A26: 18 | B26: Ивантеевский | C26: Опубликованы за все отчетные периоды | D26: PDF, Excel, | F26: =IF(C26=$C$5,1,0) -> 1 | J26: =F26*(1-G26)*(1-H26)*(1-I26) -> 1 | K26: http://ivanteevka.sarmo.ru/byudzhet-dlya-grazhdan/promezhutochnaya-otchetnost-ob-ispolnenii-byudzheta-i-analiticheskie-dannye/otchet-ob-ispolnenii-byudzheta/2018-god/
A27: 19 | B27: Калининский | C27: Не опубликованы или публикуются нерегулярно, или не отвечают требованиям | D27: Word, Excel | F27: =IF(C27=$C$5,1,0) -> 0 | J27: =F27*(1-G27)*(1-H27)*(1-I27) -> 0 | K27: http://kalininsk.sarmo.ru/byudzhet/ispolnenie-byudzheta/ | L27: Не соблюден формат размещения постановляющей части документа (либо PDF, либо JPG, с подписью должностного лица и печатью).
A28: 20 | B28: Красноармейский | C28: Не опубликованы или публикуются нерегулярно, или не отвечают требованиям | D28: Word | F28: =IF(C28=$C$5,1,0) -> 0 | J28: =F28*(1-G28)*(1-H28)*(1-I28) -> 0 | K28: http://krasnoarmeysk.sarmo.ru/krasnoarmeyskiy-rayon/byudzhet/otchet-ob-ispolnenii-byudzheta-krasnoarmeyskogo-munitsipalnogo-rayona/ | L28: Сведения опубликованы, однако не соблюден формат размещения постановляющей части документа (либо PDF, либо JPG, с подписью должностного лица и печатью).
A29: 21 | B29: Краснокутский | C29: Не опубликованы или публикуются нерегулярно, или не отвечают требованиям | D29: Jpg, Word, Exel | F29: =IF(C29=$C$5,1,0) -> 0 | J29: =F29*(1-G29)*(1-H29)*(1-I29) -> 0 | K29: http://krasny-kut.ru/krasnokutskij_rajon/finansy/ | L29: За полугодие и 9 месяцев 2018 г не опубликованы решения об утверждении отчета. Решения публикуйте в формате PDF,JPG, приложения к нему в Word или Exel
A30: 22 | B30: Краснопартизанский | C30: Опубликованы за все отчетные периоды | D30: PDF, Excel | F30: =IF(C30=$C$5,1,0) -> 1 | J30: =F30*(1-G30)*(1-H30)*(1-I30) -> 1 | K30: http://gornyi.sarmo.ru/index.php?option=com_content&view=article&id=3424:-2018-2020&catid=34:%D0%9E%D1%81%D0%BD%D0%BE%D0%B2%D0%BD%D0%B0%D1%8F%20%D0%BA%D0%B0%D1%82%D0%B5%D0%B3%D0%BE%D1%80%D0%B8%D1%8F
A31: 23 | B31: Лысогорский | C31: Не опубликованы или публикуются нерегулярно, или не отвечают требованиям | D31: PDF, Excel | F31: =IF(C31=$C$5,1,0) -> 0 | J31: =F31*(1-G31)*(1-H31)*(1-I31) -> 0 | K31: http://adm.lysyegory.ru/base/4806-otchet-ob-ispolnenii-byudzheta-lysogorskogo-municipalnogo-raiona-za-1-polugodie-2018-goda.html | L31: Отчеты публикуются, но не опубликован правовой акт об утверждении отчета за 1 полугодие 2018 (только приложение)
A32: 24 | B32: Марксовский | C32: Опубликованы за все отчетные периоды | D32: JPG, Excel | F32: =IF(C32=$C$5,1,0) -> 1 | J32: =F32*(1-G32)*(1-H32)*(1-I32) -> 1 | K32: http://marksadm.ru/icp-b.html
A33: 25 | B33: Новобурасский | C33: Опубликованы за все отчетные периоды | D33: Word | F33: =IF(C33=$C$5,1,0) -> 1 | J33: =F33*(1-G33)*(1-H33)*(1-I33) -> 1 | K33: http://www.nbfin.ru/byudzhet_dlya_grazhdan/na_tekuwij_god/ezhekvartal_nyj_otchet_ob_ispolnenii_byudzheta/2018_god/
A34: 26 | B34: Новоузенский | C34: Не опубликованы или публикуются нерегулярно, или не отвечают требованиям | D34: JPG, Excel | F34: =IF(C34=$C$5,1,0) -> 0 | J34: =F34*(1-G34)*(1-H34)*(1-I34) -> 0 | K34: http://novouzensk.ru/budget%20for%20people/ | L34: На сайте размещено решение об утверждении отчета за 1 полугодие 2018 г. За 1 квартал и 9 мес. 2018 г - не опубликованы.
A35: 27 | B35: Озинский | C35: Не опубликованы или публикуются нерегулярно, или не отвечают требованиям | D35: JPG, Word, Exel | F35: =IF(C35=$C$5,1,0) -> 0 | J35: =F35*(1-G35)*(1-H35)*(1-I35) -> 0 | K35: http://ozinki.sarmo.ru/byudzhet/ispolnenie-byudzheta.php?ELEMENT_ID=2313 | L35: Не опубликовано решение об утверждении отчета за 1 квартал 2018 г
A36: 28 | B36: Перелюбский | C36: Опубликованы за все отчетные периоды | D36: PDF,Word, Exel | F36: =IF(C36=$C$5,1,0) -> 1 | J36: =F36*(1-G36)*(1-H36)*(1-I36) -> 1 | K36: http://adm-perelyb.ru/byudzhet-dlya-grazhdan/
A37: 29 | B37: Петровский | C37: Опубликованы за все отчетные периоды | D37: JPG, Excel | F37: =IF(C37=$C$5,1,0) -> 1 | J37: =F37*(1-G37)*(1-H37)*(1-I37) -> 1 | K37: https://petrovsk64.ru/sub-org/fin-upr/otkrytyy-byudzhet/otchetnost/
A38: 30 | B38: Питерский | C38: Не опубликованы или публикуются нерегулярно, или не отвечают требованиям | D38: Word | F38: =IF(C38=$C$5,1,0) -> 0 | J38: =F38*(1-G38)*(1-H38)*(1-I38) -> 0 | K38: http://piterka.sarmo.ru/byudzhet-piterskogo-mr/ispolnenie-mestnogo-byudzheta/ispolnenie-byudzheta-za-2018-god/ | L38: Информация опубликована, однако не соблюден формат размещения постановляющей части документа (либо PDF, либо JPG, с подписью должностного лица и печатью).
A39: 31 | B39: Пугачевский | C39: Не опубликованы или публикуются нерегулярно, или не отвечают требованиям | D39: Word | F39: =IF(C39=$C$5,1,0) -> 0 | J39: =F39*(1-G39)*(1-H39)*(1-I39) -> 0 | K39: http://pugachev-adm.ru/wp-content/uploads/2018/01/post-613.doc http://pugachev-adm.ru/wp-content/uploads/2018/01/prilozhenie-k-post-612.xlsx | L39: Отчет опубликован только на 01.07.2018 г. При этом ссылка дана на файлы, а не на раздел портала. В разделе /Бюджет района/Исполнение бюджета/ информации нет ни на одну отчетную дату. Обратите внимание: в дальнейшем постановляющую часть решения об утверждении отчета публикуйте в формате PDF,JPG; приложения- Word, Exel
A40: 32 | B40: Ровенский | C40: Опубликованы за все отчетные периоды | D40: PDF, Excel | F40: =IF(C40=$C$5,1,0) -> 1 | J40: =F40*(1-G40)*(1-H40)*(1-I40) -> 1 | K40: http://rovnoe.sarmo.ru/byudzhet/ispolnenie-byudzheta-munitsipalnogo-rayona/
A41: 33 | B41: Романовский | C41: Опубликованы за все отчетные периоды | D41: JPG, Excel | F41: =IF(C41=$C$5,1,0) -> 1 | J41: =F41*(1-G41)*(1-H41)*(1-I41) -> 1 | K41: http://romanovka.sarmo.ru/byudzhet-dlya-grazhdan/byudzhet-romanovskogo-munitsipalnogo-rayona/ispolnenie-byudzheta-romanovskogo-munitsipalnogo-rayona-i-finansovyy-kontrol/otchetnost-ob-ispolnenii-byudzheta/
A42: 34 | B42: Ртищевский | C42: Не опубликованы или публикуются нерегулярно, или не отвечают требованиям | D42: Word, Excel | F42: =IF(C42=$C$5,1,0) -> 0 | J42: =F42*(1-G42)*(1-H42)*(1-I42) -> 0 | K42: http://rtishevo.sarmo.ru/finansovyy-organ/rtishchevskiy-munitsipalnyy-rayon/2018-god/dokumenty-o-khode-ispolneniya-byudzheta-munitsipalnogo-rayona/index.php | L42: Информация опубликована, однако не соблюден формат размещения постановляющей части документа (либо PDF, либо JPG, с подписью должностного лица и печатью).
A43: 35 | B43: Самойловский | C43: Не опубликованы или публикуются нерегулярно, или не отвечают требованиям | F43: =IF(C43=$C$5,1,0) -> 0 | J43: =F43*(1-G43)*(1-H43)*(1-I43) -> 0 | K43: http://sam64.ru/ekonomika-i-byudzhet/byudzhet/ispolnenie-byudzheta/ | L43: В целях оценки показателя учитываются официальные документы, принятые администрацией муниципального образования. На сайте информация не найдена. Необходимо опубликовать решения об утверждении отчета на все отчетные даты с приложениями, соблюдая требования к формату: постановляющая часть -PDF,JPG приложения- Word, Exel
A44: 36 | B44: Саратовский | C44: Не опубликованы или публикуются нерегулярно, или не отвечают требованиям | D44: Word, Excel | F44: =IF(C44=$C$5,1,0) -> 0 | J44: =F44*(1-G44)*(1-H44)*(1-I44) -> 0 | K44: http://saratov.sarmo.ru/index.php?option=com_content&view=article&id=5125&Itemid=555 | L44: Не опубликованы решения об утверждении отчетов за отчетные периоды 2018 г. Необходимо опубликовать решения об утверждении отчета на все отчетные даты с приложениями, соблюдая требования к формату: постановляющая часть -PDF,JPG приложения- Word, Exel
A45: 37 | B45: Советский | C45: Опубликованы за все отчетные периоды | D45: PDF, Excel | F45: =IF(C45=$C$5,1,0) -> 1 | J45: =F45*(1-G45)*(1-H45)*(1-I45) -> 1 | K45: http://stepnoeadm.ru/%D0%B1%D1%8E%D0%B4%D0%B6%D0%B5%D1%82/%D0%B8%D1%81%D0%BF%D0%BE%D0%BB%D0%BD%D0%B5%D0%BD%D0%B8%D0%B5-%D0%BC%D0%B5%D1%81%D1%82%D0%BD%D0%BE%D0%B3%D0%BE-%D0%B1%D1%8E%D0%B4%D0%B6%D0%B5%D1%82%D0%B0/
A46: 38 | B46: Татищевский | C46: Опубликованы за все отчетные периоды | D46: JPG,Word,Exel | F46: =IF(C46=$C$5,1,0) -> 1 | J46: =F46*(1-G46)*(1-H46)*(1-I46) -> 1 | K46: http://tatishevo.saratov.gov.ru/index.php?option=com_content&view=article&id=1564:2014-02-27-07-02-43&catid=64&Itemid=91
A47: 39 | B47: Турковский | C47: Не опубликованы или публикуются нерегулярно, или не отвечают требованиям | D47: Word | F47: =IF(C47=$C$5,1,0) -> 0 | J47: =F47*(1-G47)*(1-H47)*(1-I47) -> 0 | K47: http://turki.sarmo.ru/otkrytyy-byudzhet/byudzhet-turkovskogo-munitsipalnogo-rayona/ | L47: Не соблюден формат размещения постановляющей части документа (либо PDF, либо JPG, с подписью должностного лица и печатью).
A48: 40 | B48: Федоровский | C48: Опубликованы за все отчетные периоды | D48: PDF, Excel | F48: =IF(C48=$C$5,1,0) -> 1 | J48: =F48*(1-G48)*(1-H48)*(1-I48) -> 1 | K48: http://fedormr.ru/byudzhet-2018.php
A49: 41 | B49: Хвалынский | C49: Опубликованы за все отчетные периоды | D49: PDF,Word | F49: =IF(C49=$C$5,1,0) -> 1 | G49: 0.5 | J49: =F49*(1-G49)*(1-H49)*(1-I49) -> 0.5 | K49: http://hvalynsk.sarmo.ru/administratsiya-khvalynskogo-munitsipalnogo-rayona/byudzhet/ispolnenii-byudzheta | L49: Графический формат- для постановляющей части решения. Приложения должны быть в формате Word, Exel - для удобства пользователей. На 01.11.2018 не опубликован отчет за 9 месяцев 2018
A50: 42 | B50: Энгельсский | C50: Опубликованы за все отчетные периоды | D50: JPG, Excel | F50: =IF(C50=$C$5,1,0) -> 1 | J50: =F50*(1-G50)*(1-H50)*(1-I50) -> 1 | K50: http://engels-city.ru/mestnyj-byudzhet

Sheet Показатель 6.2
A1: 6.2. Ежеквартальные сведения об исполнении бюджета муниципального образования | L1: Дата контрольной проверки: 02.11.2018 г
A2: Комментарий:
A3: ='Методика III этап'!B22 -> В том числе, должна быть представлена следующая информация: 1) исполнение по видам доходов до уровня подгруппы или статьи классификации доходов бюджетов; 2) исполнение по расходам в разрезе разделов и подразделов классификации расходов; 3) исполнение по расходам в разрезе муниципальных программ. Указанные сведения должны быть опубликованы в течение одного месяца после окончания отчетного периода и сохраняться не менее трех лет. При нарушении указанного срока применяется понижающий коэффициент за несоблюдение сроков обеспечения доступа к бюджетным данным.
A4: № п/п | B4: Вопрос | C4: ='Методика III этап'!B21 -> Ежеквартальное опубликование сведений об исполнении бюджета муниципального образования в сравнении с запланированными значениями на соответствующий период (финансовый год) и с соответствующим периодом прошлого года на портале (сайте) | D4: Формат | E4: Доступность (указать, если возникли трудности с поиском документа, если переход осуществляется более, чем за 5 «кликов» с основной страницы портала (сайта), если название раздела не соответствует содержанию) | F4: Оценка показателя 6.2 | K4: Ссылка на источник данных | L4: Комментарии
B5: Варианты ответов | C5: ='Методика III этап'!B23 -> Опубликованы за все отчетные периоды по всем указанным элементам | D5: Word, Excel, PDF | F5: баллы | G5: понижающие коэффициенты | J5: Итого
C6: ='Методика III этап'!B24 -> Опубликованы за все отчетные периоды по двум ключевым элементам | G6: графический формат | H6: затруднен-ный поиск | I6: несоблюде-ние сроков
C7: ='Методика III этап'!B25 -> Не опубликованы или публикуются нерегулярно, или не отвечают требованиям
B8: Городские округа
A9: 1 | B9: г. Саратов | C9: Опубликованы за все отчетные периоды по всем указанным элементам | D9: Excel, Word | F9: =IF(C9=$C$5,2,IF(C9=$C$6,1,0)) -> 2 | J9: =F9*(1-G9)*(1-H9)*(1-I9) -> 2 | K9: http://www.saratovmer.ru/budget/rubrics/2/1285.html http://mihailovski.ru/administratsiya/finansy/svedeniya-ob-ispolzovanii-byudzhetnykh-sredstv/-utverzhdenie-otcheta-ob-ispolnenii-byudzheta-zato/
A10: 2 | B10: ЗАТО Михайловское | C10: Не опубликованы или публикуются нерегулярно, или не отвечают требованиям | D10: Excel | F10: =IF(C10=$C$5,2,IF(C10=$C$6,1,0)) -> 0 | J10: =F10*(1-G10)*(1-H10)*(1-I10) -> 0 | K10: http://mihailovski.ru/administratsiya/finansy/svedeniya-ob-ispolzovanii-byudzhetnykh-sredstv/-svedeniya-ob-ispolnenii-byudzheta-zato-mikhaylovs/ | L10: Не опубликованы сведения об исполнении бюджета за 1 квартал 2018 г
A11: 3 | B11: ЗАТО Светлый | C11: Не опубликованы или публикуются нерегулярно, или не отвечают требованиям | D11: Excel | F11: =IF(C11=$C$5,2,IF(C11=$C$6,1,0)) -> 0 | J11: =F11*(1-G11)*(1-H11)*(1-I11) -> 0 | K11: http://www.zatosvetly.ru/city/economics_amp_finance/byudzhet-gorodskogo-okruga/informatsiya-ob-ispolnenii-byudzheta-gorodskogo-okruga-zato-svetlyy/2018/ | L11: За 2 квартал не опубликованы сведения бюджета по доходам и расходам, за 3 квартал - по муниципальным программам
A12: 4 | B12: ЗАТО Шиханы | C12: Не опубликованы или публикуются нерегулярно, или не отвечают требованиям | F12: =IF(C12=$C$5,2,IF(C12=$C$6,1,0)) -> 0 | J12: =F12*(1-G12)*(1-H12)*(1-I12) -> 0 | L12: Ссылка не предоставлена. На сайте информация не опубликована.
B13: Муниципальные районы
A14: 5 | B14: Александрово-Гайский | C14: Не опубликованы или публикуются нерегулярно, или не отвечают требованиям | D14: Excel | F14: =IF(C14=$C$5,2,IF(C14=$C$6,1,0)) -> 0 | J14: =F14*(1-G14)*(1-H14)*(1-I14) -> 0 | K14: http://algay.sarmo.ru/byudzhet-ekonomika-finansy/ispolnenie-byudzheta.php | L14: Ссылка дана на сведения об исполнении бюджета за период 2016-2017 гг. Информации по отчетным периодам 2018 г на сайте не обнаружено. Пункт 6.2 предполагает публикование информации об исполнении бюджета в сравнении с запланированными значениями и с соответствующим перидом прошлого года (приложение №1 к методике утвержденной приказом министерства финансов Саратовской области от 30.06.2016 №202)
A15: 6 | B15: Аркадакский | C15: Не опубликованы или публикуются нерегулярно, или не отвечают требованиям | D15: Excel | F15: =IF(C15=$C$5,2,IF(C15=$C$6,1,0)) -> 0 | J15: =F15*(1-G15)*(1-H15)*(1-I15) -> 0 | K15: http://arkadak.sarmo.ru/byudzhet-munitsipalnogo-rayona/ispolnenie-dokhodnoy-chasti-byudzheta.php | L15: на 02.11.2018 - нет информации по итогам 9 месяцев 2018 г
A16: 7 | B16: Аткарский | C16: Опубликованы за все отчетные периоды по всем указанным элементам | D16: Excel | F16: =IF(C16=$C$5,2,IF(C16=$C$6,1,0)) -> 2 | J16: =F16*(1-G16)*(1-H16)*(1-I16) -> 2 | K16: http://proatkarsk.ru/CityListArticles.aspx?categoryid=403 | L16: Обратите внимание в разделе Бюджет Аткарского МР имеется 2 ссылки с названием "Отчеты по исполнению бюджета за 2018 год"
A17: 8 | B17: Базарно-Карабулакский | C17: Опубликованы за все отчетные периоды по двум ключевым элементам | D17: Web | E17: более 5 кликов до каждого документа | F17: =IF(C17=$C$5,2,IF(C17=$C$6,1,0)) -> 1 | H17: 0.5 | J17: =F17*(1-G17)*(1-H17)*(1-I17) -> 0.5 | K17: http://bkarabulak.sarmo.ru/index.php?option=com_content&view=article&id=4169&Itemid=312 | L17: Отсутствуют сведения по исполнению по расходам в разрезе муниципальных программ. Не предусмотрена возможность скачать сведения (на 01.04.2018).
A18: 9 | B18: Балаковский | C18: Опубликованы за все отчетные периоды по всем указанным элементам | D18: Excel | F18: =IF(C18=$C$5,2,IF(C18=$C$6,1,0)) -> 2 | J18: =F18*(1-G18)*(1-H18)*(1-I18) -> 2 | K18: http://balkomfin.ru/
A19: 10 | B19: Балашовский | C19: Опубликованы за все отчетные периоды по всем указанным элементам | D19: Excel, Word | F19: =IF(C19=$C$5,2,IF(C19=$C$6,1,0)) -> 2 | J19: =F19*(1-G19)*(1-H19)*(1-I19) -> 2 | K19: http://baladmin.ru/ezhekvartalnye-svedeniya-ob-ob-ispolnenii-byudzheta.php
A20: 11 | B20: Балтайский | C20: Не опубликованы или публикуются нерегулярно, или не отвечают требованиям | D20: Excel | F20: =IF(C20=$C$5,2,IF(C20=$C$6,1,0)) -> 0 | J20: =F20*(1-G20)*(1-H20)*(1-I20) -> 0 | K20: http://adm-baltay.ru/finansovoe-upravlenie/ispolnenie-mestnogo-byudzheta/ | L20: По доходам исполнение бюджета представлено укрупненно, без детализации до уровня подгруппы и статей классификации доходов бюджета. Представленная информация опубликовано без сравнения с соответствующим периодом прошлого года. В разрезе муниципальных программ сведения о расходах отсутствуют.
A21: 12 | B21: Вольский | C21: Не опубликованы или публикуются нерегулярно, или не отвечают требованиям | F21: =IF(C21=$C$5,2,IF(C21=$C$6,1,0)) -> 0 | J21: =F21*(1-G21)*(1-H21)*(1-I21) -> 0 | L21: На сайте информация не опубликована.
A22: 13 | B22: Воскресенский | C22: Не опубликованы или публикуются нерегулярно, или не отвечают требованиям | F22: =IF(C22=$C$5,2,IF(C22=$C$6,1,0)) -> 0 | J22: =F22*(1-G22)*(1-H22)*(1-I22) -> 0 | K22: http://voskresensk64.ru/administration/statistics/butget/ | L22: Отсутствуют сведения по исполнению по расходам в разрезе муниципальных программ. Раздел не структурирован. За 9 месяцев 2018 не опубликованы сведения об исполнении бюджета по всем элементам
A23: 14 | B23: Дергачевский | C23: Не опубликованы или публикуются нерегулярно, или не отвечают требованиям | D23: Excel | F23: =IF(C23=$C$5,2,IF(C23=$C$6,1,0)) -> 0 | J23: =F23*(1-G23)*(1-H23)*(1-I23) -> 0 | K23: http://dergachi.sarmo.ru/administratsiya/otchety/svedeniya-ob-ispolnenii-byudzheta-dmr/ | L23: Сведения об исполнении бюджета по доходам на 01.04.2018 г на сайте не размещены, возможно ошибочно по ссылке - за 1 полугодие 2018 г
A24: 15 | B24: Духовницкий | C24: Не опубликованы или публикуются нерегулярно, или не отвечают требованиям | F24: =IF(C24=$C$5,2,IF(C24=$C$6,1,0)) -> 0 | J24: =F24*(1-G24)*(1-H24)*(1-I24) -> 0 | K24: http://duhovnitskoe.sarmo.ru/ispolnenie-byudzheta/byudzhet-2018/ispolnenie-byudzheta-2018.php | L24: По предоставленной ссылке отсутствует информация об исполнении по расходам в разрезе разделов и подразделов классификации расходов, а также исполнение по расходам в разрезе муниципальных программ.
A25: 16 | B25: Екатериновский | C25: Не опубликованы или публикуются нерегулярно, или не отвечают требованиям | D25: Word | F25: =IF(C25=$C$5,2,IF(C25=$C$6,1,0)) -> 0 | J25: =F25*(1-G25)*(1-H25)*(1-I25) -> 0 | K25: http://ekaterinovka.sarmo.ru/finansovoe-upravlenie-administratsii/ | L25: Информация только за 9 месяцев 2018 г
A26: 17 | B26: Ершовский | C26: Опубликованы за все отчетные периоды по всем указанным элементам | D26: Word | F26: =IF(C26=$C$5,2,IF(C26=$C$6,1,0)) -> 2 | J26: =F26*(1-G26)*(1-H26)*(1-I26) -> 2 | K26: http://ershov.sarmo.ru/byudzhet-i-finansy/svedeniya-ob-ispolnenii-byudzheta/ | L26: Во всех сведениях необходимо добавить графу «% исполнения к соответствующему периоду прошлого года».
A27: 18 | B27: Ивантеевский | C27: Опубликованы за все отчетные периоды по всем указанным элементам | D27: Word | F27: =IF(C27=$C$5,2,IF(C27=$C$6,1,0)) -> 2 | J27: =F27*(1-G27)*(1-H27)*(1-I27) -> 2 | K27: http://ivanteevka.sarmo.ru/byudzhet-dlya-grazhdan/promezhutochnaya-otchetnost-ob-ispolnenii-byudzheta-i-analiticheskie-dannye/ezhekvartalnye-svedeniya-ob-ispolnenii-byudzheta/2018-god/
A28: 19 | B28: Калининский | C28: Не опубликованы или публикуются нерегулярно, или не отвечают требованиям | D28: Excel | F28: =IF(C28=$C$5,2,IF(C28=$C$6,1,0)) -> 0 | J28: =F28*(1-G28)*(1-H28)*(1-I28) -> 0 | K28: http://kalininsk.sarmo.ru/byudzhet/ispolnenie-byudzheta/ | L28: Представленная информация опубликована без сравнения с соответствующим периодом прошлого года. Отсутствуют сведения по исполнению по расходам в разрезе муниципальных программ.
A29: 20 | B29: Красноармейский | C29: Опубликованы за все отчетные периоды по всем указанным элементам | D29: Excel | F29: =IF(C29=$C$5,2,IF(C29=$C$6,1,0)) -> 2 | J29: =F29*(1-G29)*(1-H29)*(1-I29) -> 2 | K29: http://krasnoarmeysk.sarmo.ru/krasnoarmeyskiy-rayon/byudzhet/otchet-ob-ispolnenii-byudzheta-krasnoarmeyskogo-munitsipalnogo-rayona/
A30: 21 | B30: Краснокутский | C30: Не опубликованы или публикуются нерегулярно, или не отвечают требованиям | F30: =IF(C30=$C$5,2,IF(C30=$C$6,1,0)) -> 0 | J30: =F30*(1-G30)*(1-H30)*(1-I30) -> 0 | K30: http://krasny-kut.ru/krasnokutskij_rajon/finansy/ | L30: Не опубликована информация за полугодие и 9 месяцев
A31: 22 | B31: Краснопартизанский | C31: Опубликованы за все отчетные периоды по всем указанным элементам | D31: Excel | F31: =IF(C31=$C$5,2,IF(C31=$C$6,1,0)) -> 2 | J31: =F31*(1-G31)*(1-H31)*(1-I31) -> 2 | K31: http://gornyi.sarmo.ru/index.php?option=com_content&view=article&id=3424:-2018-2020&catid=34:%D0%9E%D1%81%D0%BD%D0%BE%D0%B2%D0%BD%D0%B0%D1%8F%20%D0%BA%D0%B0%D1%82%D0%B5%D0%B3%D0%BE%D1%80%D0%B8%D1%8F
A32: 23 | B32: Лысогорский | C32: Опубликованы за все отчетные периоды по всем указанным элементам | D32: Excel | F32: =IF(C32=$C$5,2,IF(C32=$C$6,1,0)) -> 2 | J32: =F32*(1-G32)*(1-H32)*(1-I32) -> 2 | K32: http://adm.lysyegory.ru/base/raion/byudzhet-municipalnogo-raiona/ispolnenie-byudzheta-mr-i-finansovyi-kontrol | L32: Раздел не структурирован
A33: 24 | B33: Марксовский | C33: Опубликованы за все отчетные периоды по всем указанным элементам | D33: Excel | F33: =IF(C33=$C$5,2,IF(C33=$C$6,1,0)) -> 2 | J33: =F33*(1-G33)*(1-H33)*(1-I33) -> 2 | K33: http://marksadm.ru/icp-b.html
A34: 25 | B34: Новобурасский | C34: Опубликованы за все отчетные периоды по всем указанным элементам | D34: Word | F34: =IF(C34=$C$5,2,IF(C34=$C$6,1,0)) -> 2 | J34: =F34*(1-G34)*(1-H34)*(1-I34) -> 2 | K34: http://www.nbfin.ru/byudzhet_dlya_grazhdan/na_tekuwij_god/ezhekvartal_nye_svedeniya_ob_ispolnenii_byudzheta/2018_god/
A35: 26 | B35: Новоузенский | C35: Опубликованы за все отчетные периоды по всем указанным элементам | D35: Excel | F35: =IF(C35=$C$5,2,IF(C35=$C$6,1,0)) -> 2 | J35: =F35*(1-G35)*(1-H35)*(1-I35) -> 2 | K35: http://novouzensk.ru/budget%20for%20people/
A36: 27 | B36: Озинский | C36: Опубликованы за все отчетные периоды по всем указанным элементам | D36: Excel, Word | F36: =IF(C36=$C$5,2,IF(C36=$C$6,1,0)) -> 2 | J36: =F36*(1-G36)*(1-H36)*(1-I36) -> 2 | K36: http://ozinki.sarmo.ru/byudzhet/ispolnenie-byudzheta.php?ELEMENT_ID=2313
A37: 28 | B37: Перелюбский | C37: Опубликованы за все отчетные периоды по всем указанным элементам | F37: =IF(C37=$C$5,2,IF(C37=$C$6,1,0)) -> 2 | H37: 0.5 | J37: =F37*(1-G37)*(1-H37)*(1-I37) -> 1 | K37: http://adm-perelyb.ru/byudzhet-dlya-grazhdan/ | L37: Сведения опубликованы, однако информация за 9 месяцев ошибочно размещена как информация за 1 полугодие 2018 г
A38: 29 | B38: Петровский | C38: Опубликованы за все отчетные периоды по всем указанным элементам | D38: Excel | F38: =IF(C38=$C$5,2,IF(C38=$C$6,1,0)) -> 2 | J38: =F38*(1-G38)*(1-H38)*(1-I38) -> 2 | K38: https://petrovsk64.ru/sub-org/fin-upr/otkrytyy-byudzhet/otchetnost/
A39: 30 | B39: Питерский | C39: Опубликованы за все отчетные периоды по всем указанным элементам | D39: Excel | F39: =IF(C39=$C$5,2,IF(C39=$C$6,1,0)) -> 2 | J39: =F39*(1-G39)*(1-H39)*(1-I39) -> 2 | K39: http://piterka.sarmo.ru/byudzhet-piterskogo-mr/byudzhet-dlya-grazhdan/byudzhet-dlya-grazhdan-2017.php?clear_cache=Y | L39: Не опубликована информация за 9 месяцев 2018 г
A40: 31 | B40: Пугачевский | C40: Не опубликованы или публикуются нерегулярно, или не отвечают требованиям | F40: =IF(C40=$C$5,2,IF(C40=$C$6,1,0)) -> 0 | J40: =F40*(1-G40)*(1-H40)*(1-I40) -> 0 | K40: http://pugachev-adm.ru/wp-content/uploads/2015/03/Svedeniya-ob-ispolnenii-byudzheta-Pugachevskogo-rayona-za-6-mesyatsev-2018goda.xls.xlsb http://pugachev-adm.ru/wp-content/uploads/2015/03/Ispolnenie-po-rashodam-v-razreze-munits.programm-za-6-mesyatsev-2018g.xls | L40: Информация опубликована на 01.07.2018. На 01.04.2018 г и 01.10.2018 г -нет информации. Ссылка дана на файлы, а не на раздел портала. В разделе /Бюджет района/Исполнение бюджета/ информации нет ни на одну отчетную дату
A41: 32 | B41: Ровенский | C41: Опубликованы за все отчетные периоды по всем указанным элементам | D41: Excel | F41: =IF(C41=$C$5,2,IF(C41=$C$6,1,0)) -> 2 | J41: =F41*(1-G41)*(1-H41)*(1-I41) -> 2 | K41: http://rovnoe.sarmo.ru/byudzhet/ispolnenie-byudzheta-munitsipalnogo-rayona/
A42: 33 | B42: Романовский | C42: Опубликованы за все отчетные периоды по всем указанным элементам | D42: Excel | F42: =IF(C42=$C$5,2,IF(C42=$C$6,1,0)) -> 2 | J42: =F42*(1-G42)*(1-H42)*(1-I42) -> 2 | K42: http://romanovka.sarmo.ru/byudzhet-dlya-grazhdan/byudzhet-romanovskogo-munitsipalnogo-rayona/ispolnenie-byudzheta-romanovskogo-munitsipalnogo-rayona-i-finansovyy-kontrol/analiz-ispolneniya-byudzheta-po-nalogovym-i-nenalogovym-dokhodam/ http://romanovka.sarmo.ru/byudzhet-dlya-grazhdan/byudzhet-romanovskogo-munitsipalnogo-rayona/ispolnenie-byudzheta-romanovskogo-munitsipalnogo-rayona-i-finansovyy-kontrol/otchetnost-ob-ispolnenii-byudzheta/
A43: 34 | B43: Ртищевский | C43: Не опубликованы или публикуются нерегулярно, или не отвечают требованиям | D43: Excel, Word | F43: =IF(C43=$C$5,2,IF(C43=$C$6,1,0)) -> 0 | J43: =F43*(1-G43)*(1-H43)*(1-I43) -> 0 | K43: http://rtishevo.sarmo.ru/finansovyy-organ/rtishchevskiy-munitsipalnyy-rayon/2018-god/dokumenty-o-khode-ispolneniya-byudzheta-munitsipalnogo-rayona/index.php | L43: Исполнение по доходам опубликовано без сравнения с соответствующим периодом прошлого года. Информация публикуется ежемесячно, однако на 01.10.2018 год сведения отсутствуют.
A44: 35 | B44: Самойловский | C44: Опубликованы за все отчетные периоды по двум ключевым элементам | D44: Excel, Word | F44: =IF(C44=$C$5,2,IF(C44=$C$6,1,0)) -> 1 | J44: =F44*(1-G44)*(1-H44)*(1-I44) -> 1 | K44: http://sam64.ru/ekonomika-i-byudzhet/byudzhet/ispolnenie-byudzheta/ | L44: Нет сведений по исполнению по расходам в разрезе муниципальных программ. Нет абсолютных показателей за соответствующий период прошлого года.
A45: 36 | B45: Саратовский | C45: Опубликованы за все отчетные периоды по всем указанным элементам | D45: Excel | F45: =IF(C45=$C$5,2,IF(C45=$C$6,1,0)) -> 2 | J45: =F45*(1-G45)*(1-H45)*(1-I45) -> 2 | K45: http://saratov.sarmo.ru/index.php?option=com_content&view=article&id=5125&Itemid=555
A46: 37 | B46: Советский | C46: Опубликованы за все отчетные периоды по всем указанным элементам | D46: Excel | F46: =IF(C46=$C$5,2,IF(C46=$C$6,1,0)) -> 2 | J46: =F46*(1-G46)*(1-H46)*(1-I46) -> 2 | K46: http://stepnoeadm.ru/%D0%B1%D1%8E%D0%B4%D0%B6%D0%B5%D1%82/%D0%B8%D1%81%D0%BF%D0%BE%D0%BB%D0%BD%D0%B5%D0%BD%D0%B8%D0%B5-%D0%BC%D0%B5%D1%81%D1%82%D0%BD%D0%BE%D0%B3%D0%BE-%D0%B1%D1%8E%D0%B4%D0%B6%D0%B5%D1%82%D0%B0/
A47: 38 | B47: Татищевский | C47: Не опубликованы или публикуются нерегулярно, или не отвечают требованиям | D47: Excel | F47: =IF(C47=$C$5,2,IF(C47=$C$6,1,0)) -> 0 | J47: =F47*(1-G47)*(1-H47)*(1-I47) -> 0 | K47: http://tatishevo.saratov.gov.ru/index.php?option=com_content&view=article&id=1564:2014-02-27-07-02-43&catid=64&Itemid=91 | L47: За 9 месяцев не опубликованы сведения об исполнении бюджета МО
A48: 39 | B48: Турковский | C48: Опубликованы за все отчетные периоды по двум ключевым элементам | D48: Excel | F48: =IF(C48=$C$5,2,IF(C48=$C$6,1,0)) -> 1 | J48: =F48*(1-G48)*(1-H48)*(1-I48) -> 1 | K48: http://turki.sarmo.ru/otkrytyy-byudzhet/byudzhet-turkovskogo-munitsipalnogo-rayona/ | L48: Нет сведений по исполнению бюджета в разрезе муниципальных программ.
A49: 40 | B49: Федоровский | C49: Опубликованы за все отчетные периоды по всем указанным элементам | D49: Excel,Word | F49: =IF(C49=$C$5,2,IF(C49=$C$6,1,0)) -> 2 | J49: =F49*(1-G49)*(1-H49)*(1-I49) -> 2 | K49: http://fedormr.ru/byudzhet-2018.php
A50: 41 | B50: Хвалынский | C50: Не опубликованы или публикуются нерегулярно, или не отвечают требованиям | F50: =IF(C50=$C$5,2,IF(C50=$C$6,1,0)) -> 0 | J50: =F50*(1-G50)*(1-H50)*(1-I50) -> 0 | K50: http://hvalynsk.sarmo.ru/administratsiya-khvalynskogo-munitsipalnogo-rayona/byudzhet/ispolnenii-byudzheta | L50: Сведения об исполнении бюджета, отвечающие требованиям пункта 6.2 не опубликованы. За 9 месяцев 2018 г не опубликована информация ни по одному из элементов.
A51: 42 | B51: Энгельсский | C51: Не опубликованы или публикуются нерегулярно, или не отвечают требованиям | D51: Excel | F51: =IF(C51=$C$5,2,IF(C51=$C$6,1,0)) -> 0 | J51: =F51*(1-G51)*(1-H51)*(1-I51) -> 0 | K51: http://engels-city.ru/mestnyj-byudzhet | L51: За 9 месяцев - информация только в разрезе муниципальных программ

Sheet Показатель 6.3
A1: 6.3. Ежеквартальные сведения об объеме муниципального долга муниципального образования | L1: Дата контрольной проверки:
A2: Комментарий:
A3: ='Методика III этап'!B27 -> В целях оценки показателя учитывается публикация сведений об объеме муниципального долга муниципального образования на начало и на конец отчетного периода по видам долговых обязательств или по видам заимствований. Указанные сведения должны быть опубликованы в течение одного месяца после окончания отчетного периода и сохраняться не менее трех лет. При нарушении указанного срока применяется понижающий коэффициент за несоблюдение сроков обеспечения доступа к бюджетным данным.
A4: № п/п | B4: Вопрос | C4: ='Методика III этап'!B26 -> Ежеквартальное опубликование сведений об объеме муниципального долга муниципального образования на начало и на конец отчетного периода на портале (сайте) | D4: Формат | E4: Доступность (указать, если возникли трудности с поиском документа, если переход осуществляется более, чем за 5 «кликов» с основной страницы портала (сайта), если название раздела не соответствует содержанию) | F4: Оценка показателя 6.3 | K4: Ссылка на источник данных | L4: Комментарии
B5: Варианты ответов | C5: ='Методика III этап'!B28 -> Опубликованы за все отчетные периоды и отвечают всем требованиям | D5: Word, Excel, PDF | F5: баллы | G5: понижающие коэффициенты | J5: Итого
C6: ='Методика III этап'!B29 -> Не опубликованы или публикуются нерегулярно, или не отвечают требованиям | G6: графический формат | H6: затруднен-ный поиск | I6: несоблюде-ние сроков
B7: Городские округа
A8: 1 | B8: г. Саратов | C8: Опубликованы за все отчетные периоды и отвечают всем требованиям | D8: Excel | F8: =IF(C8=$C$5,1,0) -> 1 | J8: =F8*(1-G8)*(1-H8)*(1-I8) -> 1 | K8: http://www.saratovmer.ru/budget/rubrics/2/1285.html
A9: 2 | B9: ЗАТО Михайловское | C9: Не опубликованы или публикуются нерегулярно, или не отвечают требованиям | D9: Web | F9: =IF(C9=$C$5,1,0) -> 0 | J9: =F9*(1-G9)*(1-H9)*(1-I9) -> 0 | K9: http://mihailovski.ru/administratsiya/finansy/svedeniya-ob-ispolzovanii-byudzhetnykh-sredstv/-svedeniya-ob-ispolnenii-byudzheta-zato-mikhaylovs/ | L9: Опубликовано только по итогам 2 квартала
A10: 3 | B10: ЗАТО Светлый | C10: Опубликованы за все отчетные периоды и отвечают всем требованиям | F10: =IF(C10=$C$5,1,0) -> 1 | J10: =F10*(1-G10)*(1-H10)*(1-I10) -> 1 | L10: Муниципальный долг отсутствует
A11: 4 | B11: ЗАТО Шиханы | F11: =IF(C11=$C$5,1,0) -> 0 | J11: =F11*(1-G11)*(1-H11)*(1-I11) -> 0 | L11: Ссылка не предоставлена. На сайте информация не опубликована.
B12: Муниципальные районы
A13: 5 | B13: Александрово-Гайский | C13: Опубликованы за все отчетные периоды и отвечают всем требованиям | D13: Excel | F13: =IF(C13=$C$5,1,0) -> 1 | J13: =F13*(1-G13)*(1-H13)*(1-I13) -> 1 | K13: http://algay.sarmo.ru/byudzhet-ekonomika-finansy/munitsipalnyy-dolg.php
A14: 6 | B14: Аркадакский | C14: Опубликованы за все отчетные периоды и отвечают всем требованиям | D14: Excel | F14: =IF(C14=$C$5,1,0) -> 1 | J14: =F14*(1-G14)*(1-H14)*(1-I14) -> 1 | K14: http://arkadak.sarmo.ru/byudzhet-munitsipalnogo-rayona/ispolnenie-raskhodnoy-chasti-byudzheta.php | L14: Указывайте ссылку на страницу портала, где размещены документы за все периоды, а не на архив конкретного документа.
A15: 7 | B15: Аткарский | C15: Опубликованы за все отчетные периоды и отвечают всем требованиям | D15: Excel | F15: =IF(C15=$C$5,1,0) -> 1 | J15: =F15*(1-G15)*(1-H15)*(1-I15) -> 1 | K15: http://proatkarsk.ru/CityListArticles.aspx?categoryid=294
A16: 8 | B16: Базарно-Карабулакский | C16: Не опубликованы или публикуются нерегулярно, или не отвечают требованиям | D16: Excel | F16: =IF(C16=$C$5,1,0) -> 0 | J16: =F16*(1-G16)*(1-H16)*(1-I16) -> 0 | K16: http://bkarabulak.sarmo.ru/index.php?option=com_content&view=article&id=5672&Itemid=312 | L16: Информация опубликована только на 01.04.2018 г
A17: 9 | B17: Балаковский | C17: Опубликованы за все отчетные периоды и отвечают всем требованиям | D17: Word | F17: =IF(C17=$C$5,1,0) -> 1 | J17: =F17*(1-G17)*(1-H17)*(1-I17) -> 1 | K17: http://balkomfin.ru/
A18: 10 | B18: Балашовский | C18: Опубликованы за все отчетные периоды и отвечают всем требованиям | D18: Excel | F18: =IF(C18=$C$5,1,0) -> 1 | J18: =F18*(1-G18)*(1-H18)*(1-I18) -> 1 | K18: http://baladmin.ru/administration/divisions-structure/finance/ezhekvartalnye-svedeniya-ob-obeme-munitsipalnogo-dolga.php
A19: 11 | B19: Балтайский | C19: Опубликованы за все отчетные периоды и отвечают всем требованиям | D19: Web | F19: =IF(C19=$C$5,1,0) -> 1 | G19: 0.5 | J19: =F19*(1-G19)*(1-H19)*(1-I19) -> 0.5 | K19: http://adm-baltay.ru/finansovoe-upravlenie/dinamika-munitsipalnogo-dolga/ | L19: Нет возможности скачать документ.
A20: 12 | B20: Вольский | C20: Не опубликованы или публикуются нерегулярно, или не отвечают требованиям | D20: Word | F20: =IF(C20=$C$5,1,0) -> 0 | J20: =F20*(1-G20)*(1-H20)*(1-I20) -> 0 | K20: http://вольск.рф/?page_id=27231 | L20: На дату проведения мониторинга не опубликованы сведения на 01.07.2018 г и 01.10.2018 г
A21: 13 | B21: Воскресенский | C21: Опубликованы за все отчетные периоды и отвечают всем требованиям | D21: Excel | F21: =IF(C21=$C$5,1,0) -> 1 | J21: =F21*(1-G21)*(1-H21)*(1-I21) -> 1 | K21: http://voskresensk64.ru/administration/statistics/butget/
A22: 14 | B22: Дергачевский | C22: Опубликованы за все отчетные периоды и отвечают всем требованиям | D22: Word | F22: =IF(C22=$C$5,1,0) -> 1 | J22: =F22*(1-G22)*(1-H22)*(1-I22) -> 1 | K22: http://dergachi.sarmo.ru/administratsiya/otchety/svedeniya-o-munitsipalnom-dolge/
A23: 15 | B23: Духовницкий | C23: Опубликованы за все отчетные периоды и отвечают всем требованиям | D23: Excel | F23: =IF(C23=$C$5,1,0) -> 1 | J23: =F23*(1-G23)*(1-H23)*(1-I23) -> 1 | K23: http://duhovnitskoe.sarmo.ru/ispolnenie-byudzheta/byudzhet-2018/informatsiya-o-munitsipalnom-dolge.php | L23: На 01.10.2018 г- ссылка не активна
A24: 16 | B24: Екатериновский | C24: Опубликованы за все отчетные периоды и отвечают всем требованиям | D24: Word | F24: =IF(C24=$C$5,1,0) -> 1 | J24: =F24*(1-G24)*(1-H24)*(1-I24) -> 1 | K24: http://ekaterinovka.sarmo.ru/finansovoe-upravlenie-administratsii/
A25: 17 | B25: Ершовский | C25: Опубликованы за все отчетные периоды и отвечают всем требованиям | D25: Excel | F25: =IF(C25=$C$5,1,0) -> 1 | J25: =F25*(1-G25)*(1-H25)*(1-I25) -> 1 | K25: http://ershov.sarmo.ru/byudzhet-i-finansy/munitsipalnyy-dolg/
A26: 18 | B26: Ивантеевский | C26: Опубликованы за все отчетные периоды и отвечают всем требованиям | D26: Word | F26: =IF(C26=$C$5,1,0) -> 1 | J26: =F26*(1-G26)*(1-H26)*(1-I26) -> 1 | K26: http://ivanteevka.sarmo.ru/byudzhet-dlya-grazhdan/promezhutochnaya-otchetnost-ob-ispolnenii-byudzheta-i-analiticheskie-dannye/ezhekvartalnye-svedeniya-ob-obeme-munitsipalnogo-dolga/2018-god/
A27: 19 | B27: Калининский | C27: Опубликованы за все отчетные периоды и отвечают всем требованиям | D27: Excel | F27: =IF(C27=$C$5,1,0) -> 1 | J27: =F27*(1-G27)*(1-H27)*(1-I27) -> 1 | K27: http://kalininsk.sarmo.ru/byudzhet/ispolnenie-byudzheta/
A28: 20 | B28: Красноармейский | C28: Опубликованы за все отчетные периоды и отвечают всем требованиям | D28: Word | F28: =IF(C28=$C$5,1,0) -> 1 | J28: =F28*(1-G28)*(1-H28)*(1-I28) -> 1 | K28: http://krasnoarmeysk.sarmo.ru/krasnoarmeyskiy-rayon/byudzhet/otchet-ob-ispolnenii-byudzheta-krasnoarmeyskogo-munitsipalnogo-rayona/
A29: 21 | B29: Краснокутский | C29: Не опубликованы или публикуются нерегулярно, или не отвечают требованиям | D29: Excel | F29: =IF(C29=$C$5,1,0) -> 0 | J29: =F29*(1-G29)*(1-H29)*(1-I29) -> 0 | K29: http://krasny-kut.ru/krasnokutskij_rajon/finansy/ | L29: Не опубликована информация об объеме муниципального долга на 01.04.2018
A30: 22 | B30: Краснопартизанский | C30: Опубликованы за все отчетные периоды и отвечают всем требованиям | D30: Excel | F30: =IF(C30=$C$5,1,0) -> 1 | J30: =F30*(1-G30)*(1-H30)*(1-I30) -> 1 | K30: http://gornyi.sarmo.ru/index.php?option=com_content&view=article&id=3424:-2018-2020&catid=34:%D0%9E%D1%81%D0%BD%D0%BE%D0%B2%D0%BD%D0%B0%D1%8F%20%D0%BA%D0%B0%D1%82%D0%B5%D0%B3%D0%BE%D1%80%D0%B8%D1%8F
A31: 23 | B31: Лысогорский | C31: Опубликованы за все отчетные периоды и отвечают всем требованиям | D31: Excel | F31: =IF(C31=$C$5,1,0) -> 1 | J31: =F31*(1-G31)*(1-H31)*(1-I31) -> 1 | K31: http://adm.lysyegory.ru/base/4653-informacija-o-dolgovyh-objazatelstvah-lysogorskogo-mr-po-sostojaniyu-na-1-iyulja-2018-goda-dolg.html http://adm.lysyegory.ru/base/4414-informacija-o-dolgovyh-objazatelstvah-lysogorskogo-mr-dolgovaja-kniga.html
A32: 24 | B32: Марксовский | C32: Опубликованы за все отчетные периоды и отвечают всем требованиям | D32: Excel | F32: =IF(C32=$C$5,1,0) -> 1 | J32: =F32*(1-G32)*(1-H32)*(1-I32) -> 1 | K32: http://marksadm.ru/icp-b.html
A33: 25 | B33: Новобурасский | C33: Опубликованы за все отчетные периоды и отвечают всем требованиям | D33: Excel | F33: =IF(C33=$C$5,1,0) -> 1 | J33: =F33*(1-G33)*(1-H33)*(1-I33) -> 1 | K33: http://www.nbfin.ru/byudzhet_dlya_grazhdan/na_tekuwij_god/ezhekvartal_nye_svedeniya_ob_ob_eme_municipal_nogo_dolga/2018_god/
A34: 26 | B34: Новоузенский | C34: Опубликованы за все отчетные периоды и отвечают всем требованиям | D34: Excel | F34: =IF(C34=$C$5,1,0) -> 1 | J34: =F34*(1-G34)*(1-H34)*(1-I34) -> 1 | K34: http://novouzensk.ru/budget%20for%20people/
A35: 27 | B35: Озинский | C35: Опубликованы за все отчетные периоды и отвечают всем требованиям | D35: Word | F35: =IF(C35=$C$5,1,0) -> 1 | J35: =F35*(1-G35)*(1-H35)*(1-I35) -> 1 | K35: http://ozinki.sarmo.ru/byudzhet/ispolnenie-byudzheta.php?ELEMENT_ID=2313
A36: 28 | B36: Перелюбский | C36: Опубликованы за все отчетные периоды и отвечают всем требованиям | D36: Exel | F36: =IF(C36=$C$5,1,0) -> 1 | J36: =F36*(1-G36)*(1-H36)*(1-I36) -> 1 | K36: http://adm-perelyb.ru/byudzhet-dlya-grazhdan/
A37: 29 | B37: Петровский | C37: Опубликованы за все отчетные периоды и отвечают всем требованиям | D37: Excel | F37: =IF(C37=$C$5,1,0) -> 1 | J37: =F37*(1-G37)*(1-H37)*(1-I37) -> 1 | K37: https://petrovsk64.ru/sub-org/fin-upr/otkrytyy-byudzhet/otchetnost/
A38: 30 | B38: Питерский | C38: Опубликованы за все отчетные периоды и отвечают всем требованиям | D38: Word | F38: =IF(C38=$C$5,1,0) -> 1 | J38: =F38*(1-G38)*(1-H38)*(1-I38) -> 1 | K38: http://piterka.sarmo.ru/byudzhet-piterskogo-mr/informatsiya-o-munitsipalnom-dolge/?clear_cache=Y
A39: 31 | B39: Пугачевский | C39: Опубликованы за все отчетные периоды и отвечают всем требованиям | D39: Exel | F39: =IF(C39=$C$5,1,0) -> 1 | J39: =F39*(1-G39)*(1-H39)*(1-I39) -> 1 | K39: http://pugachev-adm.ru/munitsipalnyiy-dolg-rayona
A40: 32 | B40: Ровенский | C40: Опубликованы за все отчетные периоды и отвечают всем требованиям | D40: Excel | F40: =IF(C40=$C$5,1,0) -> 1 | J40: =F40*(1-G40)*(1-H40)*(1-I40) -> 1 | K40: http://rovnoe.sarmo.ru/byudzhet/ispolnenie-byudzheta-munitsipalnogo-rayona/
A41: 33 | B41: Романовский | C41: Опубликованы за все отчетные периоды и отвечают всем требованиям | D41: Excel | F41: =IF(C41=$C$5,1,0) -> 1 | J41: =F41*(1-G41)*(1-H41)*(1-I41) -> 1 | K41: http://romanovka.sarmo.ru/byudzhet-dlya-grazhdan/byudzhet-romanovskogo-munitsipalnogo-rayona/ispolnenie-byudzheta-romanovskogo-munitsipalnogo-rayona-i-finansovyy-kontrol/ezhekvartalnye-svedeniya-ob-obeme-munitsipalnogo-dolga/
A42: 34 | B42: Ртищевский | C42: Опубликованы за все отчетные периоды и отвечают всем требованиям | D42: Excel | F42: =IF(C42=$C$5,1,0) -> 1 | J42: =F42*(1-G42)*(1-H42)*(1-I42) -> 1 | K42: http://rtishevo.sarmo.ru/finansovyy-organ/rtishchevskiy-munitsipalnyy-rayon/2018-god/dokumenty-o-khode-ispolneniya-byudzheta-munitsipalnogo-rayona/ | L42: Ссылка дана на информацию за 2017 год
A43: 35 | B43: Самойловский | C43: Опубликованы за все отчетные периоды и отвечают всем требованиям | D43: Excel | F43: =IF(C43=$C$5,1,0) -> 1 | J43: =F43*(1-G43)*(1-H43)*(1-I43) -> 1 | K43: http://sam64.ru/ekonomika-i-byudzhet/byudzhet/dolgovye-obyazatelstva/
A44: 36 | B44: Саратовский | C44: Опубликованы за все отчетные периоды и отвечают всем требованиям | D44: Excel | F44: =IF(C44=$C$5,1,0) -> 1 | J44: =F44*(1-G44)*(1-H44)*(1-I44) -> 1 | K44: http://saratov.sarmo.ru/index.php?option=com_content&view=article&id=5125&Itemid=555
A45: 37 | B45: Советский | C45: Опубликованы за все отчетные периоды и отвечают всем требованиям | D45: Web | F45: =IF(C45=$C$5,1,0) -> 1 | J45: =F45*(1-G45)*(1-H45)*(1-I45) -> 1 | K45: http://stepnoeadm.ru/%D0%B8%D0%BD%D1%84%D0%BE%D1%80%D0%BC%D0%B0%D1%86%D0%B8%D1%8F-%D0%BE-%D0%BC%D1%83%D0%BD%D0%B8%D1%86%D0%B8%D0%BF%D0%B0%D0%BB%D1%8C%D0%BD%D0%BE%D0%BC-%D0%B4%D0%BE%D0%BB%D0%B3%D0%B5/ | L45: Обратите внимание, что возможность скачать информацию отсутствует.
A46: 38 | B46: Татищевский | C46: Опубликованы за все отчетные периоды и отвечают всем требованиям | D46: Word | F46: =IF(C46=$C$5,1,0) -> 1 | J46: =F46*(1-G46)*(1-H46)*(1-I46) -> 1 | K46: http://tatishevo.saratov.gov.ru/index.php?option=com_content&view=article&id=1564:2014-02-27-07-02-43&catid=64&Itemid=91
A47: 39 | B47: Турковский | C47: Опубликованы за все отчетные периоды и отвечают всем требованиям | D47: Excel | F47: =IF(C47=$C$5,1,0) -> 1 | J47: =F47*(1-G47)*(1-H47)*(1-I47) -> 1 | K47: http://turki.sarmo.ru/otkrytyy-byudzhet/byudzhet-turkovskogo-munitsipalnogo-rayona/
A48: 40 | B48: Федоровский | C48: Опубликованы за все отчетные периоды и отвечают всем требованиям | D48: Word | F48: =IF(C48=$C$5,1,0) -> 1 | J48: =F48*(1-G48)*(1-H48)*(1-I48) -> 1 | K48: http://fedormr.ru/byudzhet-2018.php
A49: 41 | B49: Хвалынский | C49: Опубликованы за все отчетные периоды и отвечают всем требованиям | D49: Excel | F49: =IF(C49=$C$5,1,0) -> 1 | J49: =F49*(1-G49)*(1-H49)*(1-I49) -> 1 | K49: http://hvalynsk.sarmo.ru/administratsiya-khvalynskogo-munitsipalnogo-rayona/byudzhet/svedeniya-ob-obeme-munitsipalnogo-dolga.php
A50: 42 | B50: Энгельсский | C50: Не опубликованы или публикуются нерегулярно, или не отвечают требованиям | F50: =IF(C50=$C$5,1,0) -> 0 | J50: =F50*(1-G50)*(1-H50)*(1-I50) -> 0 | L50: На сайте информация не опубликована.

Sheet Показатель 7.1
A1: 7.1. Информация о проведенных в текущем финансовом году контрольных мероприятиях контрольно-счетным органом муниципального образования на портале (сайте) | L1: Дата контрольной проверки:
A2: Комментарий:
A3: ='Методика III этап'!B32 -> В целях оценки показателя учитываются контрольные мероприятия, предусмотренные планом контрольно-счетного органа муниципального образования в текущем году, срок реализации которых на дату проведения мониторинга завершен. В случае, если план контрольных мероприятий на текущий финансовый год не опубликован до 1 января соответствующего года, оценка показателя принимает значение 0 баллов. Информация о проведенном контрольном мероприятии должна быть опубликована в течение трех месяцев с даты завершения контрольного мероприятия. При нарушении указанного срока применяется понижающий коэффициент за несоблюдение сроков обеспечения доступа к бюджетным данным.
A4: № п/п | B4: Вопрос | C4: ='Методика III этап'!B31 -> Опубликование информации о проведенных в текущем финансовом году контрольных мероприятиях контрольно-счетным органом муниципального образования на портале (сайте) | D4: Формат | E4: Доступность (указать, если возникли трудности с поиском документа, если переход осуществляется более, чем за 5 «кликов» с основной страницы портала (сайта), если название раздела не соответствует содержанию) | F4: Оценка показателя 7.1 | K4: Ссылка на источник данных | L4: Комментарии
B5: Варианты ответов | C5: ='Методика III этап'!B33 -> Опубликована по результатам всех контрольных мероприятий, предусмотренных планом на текущий финансовый год, в том числе сведения о принятых объектом контроля решениях и мерах по направленным ему представлениям и предписаниям | D5: Word, Excel, PDF | F5: баллы | G5: понижающие коэффициенты | J5: Итого
C6: ='Методика III этап'!B34 -> Опубликована по результатам всех контрольных мероприятий, предусмотренных планом на текущий финансовый год, за исключением сведений о принятых объектом контроля решениях и мерах по направленным ему представлениям и предписаниям | G6: графический формат | H6: затруднен-ный поиск | I6: несоблюде-ние сроков
C7: ='Методика III этап'!B35 -> Не опубликована, или ее публикация носит несистемный характер (публикуются сведения по отдельным контрольным мероприятиям, предусмотренным планом на текущий финансовый год)
B8: Городские округа
A9: 1 | B9: г. Саратов | C9: Опубликована по результатам всех контрольных мероприятий, предусмотренных планом на текущий финансовый год, за исключением сведений о принятых объектом контроля решениях и мерах по направленным ему представлениям и предписаниям | D9: Web, Pdf | F9: =IF(C9=$C$5,2,IF(C9=$C$6,1,0)) -> 1 | J9: =F9*(1-G9)*(1-H9)*(1-I9) -> 1 | K9: http://www.kspsaratov.ru/?cat=5 | L9: В опубликованной информации по результатам контрольных мероприятий, предусмотренных планом на текущий финансовый год, отсутствуют сведения о принятых объектом контроля решениях и мерах по направленным ему представлениям.
A10: 2 | B10: ЗАТО Михайловское | C10: Не опубликована, или ее публикация носит несистемный характер (публикуются сведения по отдельным контрольным мероприятиям, предусмотренным планом на текущий финансовый год) | D10: Web | F10: =IF(C10=$C$5,2,IF(C10=$C$6,1,0)) -> 0 | J10: =F10*(1-G10)*(1-H10)*(1-I10) -> 0 | K10: http://mihailovski.ru/kontrolno---schyotnaya-komissiya/deyatelnost-ksk/zaklyuchenie--kontrolno---schetnoy-komissii-gorods/ | L10: План работы на 2018 год опубликован, однако информация о проведенных контрольных мероприятиях на портале не найдена.
A11: 3 | B11: ЗАТО Светлый | C11: Опубликована по результатам всех контрольных мероприятий, предусмотренных планом на текущий финансовый год, в том числе сведения о принятых объектом контроля решениях и мерах по направленным ему представлениям и предписаниям | D11: Web,Word | F11: =IF(C11=$C$5,2,IF(C11=$C$6,1,0)) -> 2 | J11: =F11*(1-G11)*(1-H11)*(1-I11) -> 2 | K11: http://www.zatosvetly.ru/about/info/news/folder/folder1/folder/folder1/folder/folder/folder/ | L11: Представления и предписания не направлялись.
A12: 4 | B12: ЗАТО Шиханы | C12: Опубликована по результатам всех контрольных мероприятий, предусмотренных планом на текущий финансовый год, в том числе сведения о принятых объектом контроля решениях и мерах по направленным ему представлениям и предписаниям | D12: Word | F12: =IF(C12=$C$5,2,IF(C12=$C$6,1,0)) -> 2 | J12: =F12*(1-G12)*(1-H12)*(1-I12) -> 2 | K12: http://zatoshihany.ru/sobranie/kontrolnaya/ | L12: предписания и представления не направлялись
B13: Муниципальные районы
A14: 5 | B14: Александрово-Гайский | C14: Не опубликована, или ее публикация носит несистемный характер (публикуются сведения по отдельным контрольным мероприятиям, предусмотренным планом на текущий финансовый год) | F14: =IF(C14=$C$5,2,IF(C14=$C$6,1,0)) -> 0 | J14: =F14*(1-G14)*(1-H14)*(1-I14) -> 0 | L14: Контрольно-счетный орган отсутствует
A15: 6 | B15: Аркадакский | C15: Не опубликована, или ее публикация носит несистемный характер (публикуются сведения по отдельным контрольным мероприятиям, предусмотренным планом на текущий финансовый год) | F15: =IF(C15=$C$5,2,IF(C15=$C$6,1,0)) -> 0 | J15: =F15*(1-G15)*(1-H15)*(1-I15) -> 0 | L15: Ссылка не предоставлена. На сайте информация не опубликована.
A16: 7 | B16: Аткарский | C16: Опубликована по результатам всех контрольных мероприятий, предусмотренных планом на текущий финансовый год, за исключением сведений о принятых объектом контроля решениях и мерах по направленным ему представлениям и предписаниям | F16: =IF(C16=$C$5,2,IF(C16=$C$6,1,0)) -> 1 | J16: =F16*(1-G16)*(1-H16)*(1-I16) -> 1 | K16: http://proatkarsk.ru/CityListArticles.aspx?categoryid=158
A17: 8 | B17: Базарно-Карабулакский | C17: Не опубликована, или ее публикация носит несистемный характер (публикуются сведения по отдельным контрольным мероприятиям, предусмотренным планом на текущий финансовый год) | F17: =IF(C17=$C$5,2,IF(C17=$C$6,1,0)) -> 0 | J17: =F17*(1-G17)*(1-H17)*(1-I17) -> 0 | K17: http://bkarabulak.sarmo.ru/index.php?option=com_content&view=article&id=8467&Itemid=328 | L17: В целях оценки показателя учитываются контрольные мероприятия, предусмотренные планом контрольно-счетного органа муниципального образования в текущем году, срок реализации которых на дату проведения мониторинга завершен. На сайте информация не найдена.
A18: 9 | B18: Балаковский | C18: Опубликована по результатам всех контрольных мероприятий, предусмотренных планом на текущий финансовый год, за исключением сведений о принятых объектом контроля решениях и мерах по направленным ему представлениям и предписаниям | D18: Word | F18: =IF(C18=$C$5,2,IF(C18=$C$6,1,0)) -> 1 | J18: =F18*(1-G18)*(1-H18)*(1-I18) -> 1 | K18: http://www.admbal.ru/page/plan-raboty-kontrolno-schetnoi-palaty-balakovskogo-munitsipalnogo-raiona-na-2018-god ; http://www.admbal.ru/page/kontrolnye-meropriyatiya-2018-god
A19: 10 | B19: Балашовский | C19: Опубликована по результатам всех контрольных мероприятий, предусмотренных планом на текущий финансовый год, в том числе сведения о принятых объектом контроля решениях и мерах по направленным ему представлениям и предписаниям | F19: =IF(C19=$C$5,2,IF(C19=$C$6,1,0)) -> 2 | J19: =F19*(1-G19)*(1-H19)*(1-I19) -> 2 | K19: http://baladmin.ru/kontrolno-schetnaya-komissiya-bmr.php
A20: 11 | B20: Балтайский | C20: Не опубликована, или ее публикация носит несистемный характер (публикуются сведения по отдельным контрольным мероприятиям, предусмотренным планом на текущий финансовый год) | F20: =IF(C20=$C$5,2,IF(C20=$C$6,1,0)) -> 0 | J20: =F20*(1-G20)*(1-H20)*(1-I20) -> 0 | K20: http://adm-baltay.ru/finansovoe-upravlenie/proekt-byudzheta-na-2018-god/zaklyuchenie-kontrolno-schetnoy-komissii-baltayskogo-munitsipalnogo-rayona-saratovskoy-oblasti-na-proekt-mestnogo-byudzheta-baltayskogo-mr-na-2018-god-i-na-planovyiy-period-2019-i-2020-godov/ | L20: Не опубликован план контрольных мероприятий
A21: 12 | B21: Вольский | C21: Не опубликована, или ее публикация носит несистемный характер (публикуются сведения по отдельным контрольным мероприятиям, предусмотренным планом на текущий финансовый год) | F21: =IF(C21=$C$5,2,IF(C21=$C$6,1,0)) -> 0 | J21: =F21*(1-G21)*(1-H21)*(1-I21) -> 0 | L21: На сайте информация не опубликована.
A22: 13 | B22: Воскресенский | C22: Не опубликована, или ее публикация носит несистемный характер (публикуются сведения по отдельным контрольным мероприятиям, предусмотренным планом на текущий финансовый год) | D22: Word | F22: =IF(C22=$C$5,2,IF(C22=$C$6,1,0)) -> 0 | J22: =F22*(1-G22)*(1-H22)*(1-I22) -> 0 | K22: http://voskresensk64.ru/meeting/mun-polnom/Контрольно-счетная%20комиссия/ | L22: План контрольных мероприятий контрольно счетного органа на 2018 г не опубликован
A23: 14 | B23: Дергачевский | C23: Опубликована по результатам всех контрольных мероприятий, предусмотренных планом на текущий финансовый год, за исключением сведений о принятых объектом контроля решениях и мерах по направленным ему представлениям и предписаниям | D23: Word | F23: =IF(C23=$C$5,2,IF(C23=$C$6,1,0)) -> 1 | J23: =F23*(1-G23)*(1-H23)*(1-I23) -> 1 | K23: http://dergachi.sarmo.ru/kontrolno-schetnyy-organ-dergachevskogo-munitsipalnogo-rayona/
A24: 15 | B24: Духовницкий | C24: Опубликована по результатам всех контрольных мероприятий, предусмотренных планом на текущий финансовый год, за исключением сведений о принятых объектом контроля решениях и мерах по направленным ему представлениям и предписаниям | D24: Word | F24: =IF(C24=$C$5,2,IF(C24=$C$6,1,0)) -> 1 | J24: =F24*(1-G24)*(1-H24)*(1-I24) -> 1 | K24: http://duhovnitskoe.sarmo.ru/kontrolno-revizionnaya-komissiya/
A25: 16 | B25: Екатериновский | C25: Не опубликована, или ее публикация носит несистемный характер (публикуются сведения по отдельным контрольным мероприятиям, предусмотренным планом на текущий финансовый год) | F25: =IF(C25=$C$5,2,IF(C25=$C$6,1,0)) -> 0 | J25: =F25*(1-G25)*(1-H25)*(1-I25) -> 0 | K25: http://ekaterinovka.sarmo.ru/kontrolno-schetnaya-komissiya/ | L25: План работы КСК не найден в соответствующем разделе. Размещен только заголовок. В случае, если план контрольных мероприятий на текущий финансовый год не опубликован до 1 января соответствующего года, оценка показателя принимает значение 0 баллов.
A26: 17 | B26: Ершовский | C26: Опубликована по результатам всех контрольных мероприятий, предусмотренных планом на текущий финансовый год, за исключением сведений о принятых объектом контроля решениях и мерах по направленным ему представлениям и предписаниям | D26: Word | F26: =IF(C26=$C$5,2,IF(C26=$C$6,1,0)) -> 1 | J26: =F26*(1-G26)*(1-H26)*(1-I26) -> 1 | K26: http://ershov.sarmo.ru/ershovskiy-munitsipalnyy-rayon/kontrolno-schetnaya-komissiya/
A27: 18 | B27: Ивантеевский | C27: Не опубликована, или ее публикация носит несистемный характер (публикуются сведения по отдельным контрольным мероприятиям, предусмотренным планом на текущий финансовый год) | D27: PDF | F27: =IF(C27=$C$5,2,IF(C27=$C$6,1,0)) -> 0 | J27: =F27*(1-G27)*(1-H27)*(1-I27) -> 0 | K27: http://ivanteevka.sarmo.ru/byudzhet-dlya-grazhdan/finansovyy-kontrol/kontrolno-schetnyy-organ-ivantevskogo-munitsipalnogo-rayona/kontrolnye-meropriyatiya/ | L27: План опубликован. На сайте за весь год размещено только заключение на отчет об исполнении бюджета 2017 г
A28: 19 | B28: Калининский | C28: Не опубликована, или ее публикация носит несистемный характер (публикуются сведения по отдельным контрольным мероприятиям, предусмотренным планом на текущий финансовый год) | F28: =IF(C28=$C$5,2,IF(C28=$C$6,1,0)) -> 0 | J28: =F28*(1-G28)*(1-H28)*(1-I28) -> 0 | K28: http://kalininsk.sarmo.ru/kontrolno-schetnaya-komissiya/otchety/ | L28: Отсутствует информация о проведенном в марте текущего года контрольном мероприятии согласно пункту 2 плана работы Контрольно-счетной комиссии Калининского муниципального района.
A29: 20 | B29: Красноармейский | C29: Не опубликована, или ее публикация носит несистемный характер (публикуются сведения по отдельным контрольным мероприятиям, предусмотренным планом на текущий финансовый год) | F29: =IF(C29=$C$5,2,IF(C29=$C$6,1,0)) -> 0 | J29: =F29*(1-G29)*(1-H29)*(1-I29) -> 0 | K29: http://krasnoarmeysk.sarmo.ru/predstavitelnyy-organ/otdel-kontrolno-schetnoy-komissi/ | L29: В целях оценки показателя учитываются отчеты о контрольных мероприятиях, предусмотренных планом контрольно-счетного органа муниципального образования в текущем году, срок реализации которых на дату проведения мониторинга завершен. По указанной ссылке и на сайте информация не найдена.
A30: 21 | B30: Краснокутский | C30: Не опубликована, или ее публикация носит несистемный характер (публикуются сведения по отдельным контрольным мероприятиям, предусмотренным планом на текущий финансовый год) | D30: PDF | F30: =IF(C30=$C$5,2,IF(C30=$C$6,1,0)) -> 0 | J30: =F30*(1-G30)*(1-H30)*(1-I30) -> 0 | K30: http://krasny-kut.ru/municipal_noe_sobranie/kontrol_no-schetnaya_komissiya/ | L30: Не опубликована информация по результатам проверки использования бюджетных средств, выделенных на реализацию муниципальной подпрограммы «Информационное общество Краснокутского муниципального района на 2015-2017 годы»
A31: 22 | B31: Краснопартизанский | C31: Не опубликована, или ее публикация носит несистемный характер (публикуются сведения по отдельным контрольным мероприятиям, предусмотренным планом на текущий финансовый год) | F31: =IF(C31=$C$5,2,IF(C31=$C$6,1,0)) -> 0 | J31: =F31*(1-G31)*(1-H31)*(1-I31) -> 0 | K31: http://gornyi.sarmo.ru/index.php?option=com_content&view=article&id=641&Itemid=248 | L31: По предоставленной ссылке и на сайте не найден план контрольных мероприятий на текущий финансовый год. В случае, если план контрольных мероприятий на текущий финансовый год не опубликован до 1 января соответствующего года, оценка показателя принимает значение 0 баллов.
A32: 23 | B32: Лысогорский | C32: Не опубликована, или ее публикация носит несистемный характер (публикуются сведения по отдельным контрольным мероприятиям, предусмотренным планом на текущий финансовый год) | F32: =IF(C32=$C$5,2,IF(C32=$C$6,1,0)) -> 0 | J32: =F32*(1-G32)*(1-H32)*(1-I32) -> 0 | K32: http://adm.lysyegory.ru/base/predstavitelnyi-organ-municipalnogo-raiona/kontrolno-schetnaja-komissija | L32: Не опубликована информация по контрольным мероприятиям предусмотренным планом на 2018 год, а именно : Администрация Гремячинского МО Лысогорского МР (апрель-май), Совет Гремячинского МО Лысогорского МР(апрель-май), Администрация Большедмитриевского МО Лысогорского МР (июнь).
A33: 24 | B33: Марксовский | C33: Не опубликована, или ее публикация носит несистемный характер (публикуются сведения по отдельным контрольным мероприятиям, предусмотренным планом на текущий финансовый год) | D33: Word | F33: =IF(C33=$C$5,2,IF(C33=$C$6,1,0)) -> 0 | J33: =F33*(1-G33)*(1-H33)*(1-I33) -> 0 | K33: http://marksadm.ru/kontrol.html | L33: Не опубликован план контрольных мероприятий на 2018 год . Раздел не структурирован по годам. Сложно сориентироваться в нем.
A34: 25 | B34: Новобурасский | C34: Опубликована по результатам всех контрольных мероприятий, предусмотренных планом на текущий финансовый год, за исключением сведений о принятых объектом контроля решениях и мерах по направленным ему представлениям и предписаниям | D34: Word | F34: =IF(C34=$C$5,2,IF(C34=$C$6,1,0)) -> 1 | J34: =F34*(1-G34)*(1-H34)*(1-I34) -> 1 | K34: http://admnburasy.ru/kck.htm
A35: 26 | B35: Новоузенский | C35: Не опубликована, или ее публикация носит несистемный характер (публикуются сведения по отдельным контрольным мероприятиям, предусмотренным планом на текущий финансовый год) | F35: =IF(C35=$C$5,2,IF(C35=$C$6,1,0)) -> 0 | J35: =F35*(1-G35)*(1-H35)*(1-I35) -> 0 | K35: http://novouzensk.ru/the-control-and-audit-commission/ | L35: План контрольно-счетного органа муниципального образования на 2018 год не опубликован. Ошибка на сайте - при нажатии на отчеты КСК происходит переход в раздел «карта сайта». Раздел не структурирован.
A36: 27 | B36: Озинский | C36: Не опубликована, или ее публикация носит несистемный характер (публикуются сведения по отдельным контрольным мероприятиям, предусмотренным планом на текущий финансовый год) | F36: =IF(C36=$C$5,2,IF(C36=$C$6,1,0)) -> 0 | J36: =F36*(1-G36)*(1-H36)*(1-I36) -> 0 | K36: http://ozinki.sarmo.ru/byudzhet/finansovyy-kontrol/?ELEMENT_ID=2297 | L36: План контрольно-счетного органа муниципального образования на 2018 год не опубликован.
A37: 28 | B37: Перелюбский | C37: Не опубликована, или ее публикация носит несистемный характер (публикуются сведения по отдельным контрольным мероприятиям, предусмотренным планом на текущий финансовый год) | F37: =IF(C37=$C$5,2,IF(C37=$C$6,1,0)) -> 0 | J37: =F37*(1-G37)*(1-H37)*(1-I37) -> 0 | L37: На сайте информация не опубликована.
A38: 29 | B38: Петровский | C38: Опубликована по результатам всех контрольных мероприятий, предусмотренных планом на текущий финансовый год, за исключением сведений о принятых объектом контроля решениях и мерах по направленным ему представлениям и предписаниям | F38: =IF(C38=$C$5,2,IF(C38=$C$6,1,0)) -> 1 | J38: =F38*(1-G38)*(1-H38)*(1-I38) -> 1 | K38: https://petrovsk64.ru/sub-org/fin-upr/dokumenty/informaciya-ksk/
A39: 30 | B39: Питерский | C39: Не опубликована, или ее публикация носит несистемный характер (публикуются сведения по отдельным контрольным мероприятиям, предусмотренным планом на текущий финансовый год) | F39: =IF(C39=$C$5,2,IF(C39=$C$6,1,0)) -> 0 | J39: =F39*(1-G39)*(1-H39)*(1-I39) -> 0 | K39: http://piterka.sarmo.ru/byudzhet-piterskogo-mr/proverki-kontrolno-schetnoy-komissii/ | L39: В случае, если план контрольных мероприятий на текущий финансовый год не опубликован до 1 января соответствующего года, оценка показателя принимает значение 0 баллов. По ссылке документ не открывается. Информации о прведенных контрольных мероприятиях за истекший период на сайте не найдено.
A40: 31 | B40: Пугачевский | C40: Не опубликована, или ее публикация носит несистемный характер (публикуются сведения по отдельным контрольным мероприятиям, предусмотренным планом на текущий финансовый год) | F40: =IF(C40=$C$5,2,IF(C40=$C$6,1,0)) -> 0 | J40: =F40*(1-G40)*(1-H40)*(1-I40) -> 0 | K40: http://pugachev-adm.ru/administratsiya/rezultatyi-proverok | L40: По ссылке предоставлена информация по контрольной деятельности финансового управления муниципального района. Согласно требованиям пункта, учитывается информация по деятельности контрольно-счетного органа.
A41: 32 | B41: Ровенский | C41: Не опубликована, или ее публикация носит несистемный характер (публикуются сведения по отдельным контрольным мероприятиям, предусмотренным планом на текущий финансовый год) | F41: =IF(C41=$C$5,2,IF(C41=$C$6,1,0)) -> 0 | J41: =F41*(1-G41)*(1-H41)*(1-I41) -> 0 | K41: http://rovnoe.sarmo.ru/sobranie-amr/kontrolno-schetnaya-komissiya/otchety.php | L41: По представленной ссылке План контрольных мероприятий на 2018 год размещен, однако информация о проведенных конрольных меоприятиях на портале не опубликована.
A42: 33 | B42: Романовский | C42: Опубликована по результатам всех контрольных мероприятий, предусмотренных планом на текущий финансовый год, за исключением сведений о принятых объектом контроля решениях и мерах по направленным ему представлениям и предписаниям | F42: =IF(C42=$C$5,2,IF(C42=$C$6,1,0)) -> 1 | J42: =F42*(1-G42)*(1-H42)*(1-I42) -> 1 | K42: http://romanovka.sarmo.ru/byudzhet-dlya-grazhdan/byudzhet-romanovskogo-munitsipalnogo-rayona/ispolnenie-byudzheta-romanovskogo-munitsipalnogo-rayona-i-finansovyy-kontrol/finansovyy-kontrol/
A43: 34 | B43: Ртищевский | C43: Не опубликована, или ее публикация носит несистемный характер (публикуются сведения по отдельным контрольным мероприятиям, предусмотренным планом на текущий финансовый год) | F43: =IF(C43=$C$5,2,IF(C43=$C$6,1,0)) -> 0 | J43: =F43*(1-G43)*(1-H43)*(1-I43) -> 0 | K43: http://rtishevo.sarmo.ru/predstavitelnyy-organ-munitsipalnogo-rayona/kontrolno-schyetnaya-komissiya/ | L43: План контрольных мероприятий на 2018 г опубликован, однако информация о проведенных контрольных мероприятиях на портале не размещена. Обратите внимание, что п 7.1 данной методики предусматривает размещение информации касательно контрольно счетного органа муниципального района, а не контрольной деятельности финансового управления МР.
A44: 35 | B44: Самойловский | C44: Опубликована по результатам всех контрольных мероприятий, предусмотренных планом на текущий финансовый год, за исключением сведений о принятых объектом контроля решениях и мерах по направленным ему представлениям и предписаниям | F44: =IF(C44=$C$5,2,IF(C44=$C$6,1,0)) -> 1 | J44: =F44*(1-G44)*(1-H44)*(1-I44) -> 1 | K44: http://sam64.ru/ekonomika-i-byudzhet/byudzhet/finansovyy-kontrol/ | L44: При просмотре плана мероприятий небходимо открывать каждую страницу многостраничного документа.
A45: 36 | B45: Саратовский | C45: Не опубликована, или ее публикация носит несистемный характер (публикуются сведения по отдельным контрольным мероприятиям, предусмотренным планом на текущий финансовый год) | F45: =IF(C45=$C$5,2,IF(C45=$C$6,1,0)) -> 0 | J45: =F45*(1-G45)*(1-H45)*(1-I45) -> 0 | K45: http://saratov.sarmo.ru/index.php?option=com_content&view=article&id=5391:2016-12-08-10-03-10&catid=161:2015-08-06-12-41-33&Itemid=451 | L45: Не опубликована информация по результатам контрольного мероприятия согласно пункта 2.1 плана работы КСК на 2018 г
A46: 37 | B46: Советский | C46: Опубликована по результатам всех контрольных мероприятий, предусмотренных планом на текущий финансовый год, за исключением сведений о принятых объектом контроля решениях и мерах по направленным ему представлениям и предписаниям | F46: =IF(C46=$C$5,2,IF(C46=$C$6,1,0)) -> 1 | J46: =F46*(1-G46)*(1-H46)*(1-I46) -> 1 | K46: http://stepnoeadm.ru/%D0%B1%D1%8E%D0%B4%D0%B6%D0%B5%D1%82/%D1%80%D0%B5%D0%B7%D1%83%D0%BB%D1%8C%D1%82%D0%B0%D1%82%D1%8B-%D0%BF%D1%80%D0%BE%D0%B2%D0%B5%D1%80%D0%BE%D0%BA/
A47: 38 | B47: Татищевский | C47: Не опубликована, или ее публикация носит несистемный характер (публикуются сведения по отдельным контрольным мероприятиям, предусмотренным планом на текущий финансовый год) | E47: 6 кликов до документа | F47: =IF(C47=$C$5,2,IF(C47=$C$6,1,0)) -> 0 | J47: =F47*(1-G47)*(1-H47)*(1-I47) -> 0 | K47: http://tatishevo.saratov.gov.ru/index.php?option=com_content&view=article&id=4611:--2018-&catid=64:2009-12-20-17-44-19&Itemid=91 | L47: План работы КСК без указания сроков проведения мероприятий. Оценить вся иформация публикуется или нет невозможно.
A48: 39 | B48: Турковский | C48: Не опубликована, или ее публикация носит несистемный характер (публикуются сведения по отдельным контрольным мероприятиям, предусмотренным планом на текущий финансовый год) | F48: =IF(C48=$C$5,2,IF(C48=$C$6,1,0)) -> 0 | J48: =F48*(1-G48)*(1-H48)*(1-I48) -> 0 | L48: На сайте информация не опубликована.
A49: 40 | B49: Федоровский | C49: Опубликована по результатам всех контрольных мероприятий, предусмотренных планом на текущий финансовый год, за исключением сведений о принятых объектом контроля решениях и мерах по направленным ему представлениям и предписаниям | D49: Word | F49: =IF(C49=$C$5,2,IF(C49=$C$6,1,0)) -> 1 | J49: =F49*(1-G49)*(1-H49)*(1-I49) -> 1 | K49: http://fedormr.ru/kontrol.php | L49: Информация о принятых объектом контроля мерах публикуется, но не регулярно.
A50: 41 | B50: Хвалынский | C50: Не опубликована, или ее публикация носит несистемный характер (публикуются сведения по отдельным контрольным мероприятиям, предусмотренным планом на текущий финансовый год) | D50: Word | F50: =IF(C50=$C$5,2,IF(C50=$C$6,1,0)) -> 0 | J50: =F50*(1-G50)*(1-H50)*(1-I50) -> 0 | K50: http://hvalynsk.sarmo.ru/kontrolno-schetnaya-komissiya/otchet-o-rabote-ksk/ | L50: План работы без указания сроков проведения мероприятий. Оценить вся иформация публикуется или нет невозможно.
A51: 42 | B51: Энгельсский | C51: Не опубликована, или ее публикация носит несистемный характер (публикуются сведения по отдельным контрольным мероприятиям, предусмотренным планом на текущий финансовый год) | F51: =IF(C51=$C$5,2,IF(C51=$C$6,1,0)) -> 0 | J51: =F51*(1-G51)*(1-H51)*(1-I51) -> 0 | K51: http://www.engels-city.ru/otkrytye-dannye-ksp/40469-informatsiya-o-rezultatakh-proverok-provodimykh-v-kontrolno-schjotnoj-palate | L51: План контрольных мероприятий на 2018 год не опубликован. Информация о прведенных контрольных мероприятиях предусмотренных планом на портале не найдена.

Sheet Параметры
A1: Календарный период | B1: 2015
A3: Форматы | B3: машиночитаемый
B4: графический | C4: 0.5
